 Dungeon Crawl Stone Soup version 0.27-a0-216-g1fbed8a51c (webtiles) character file.

Game seed: 12221806051705292530

13293973 Inarius the Archmage (level 27, 199/199 HPs)
             Began as a Deep Elf Earth Elementalist on Jan 25, 2021.
             Was the Champion of Vehumet.
             Escaped with the Orb
             ... and 15 runes on Jan 31, 2021!
             The game lasted 08:54:30 (126347 turns).

Inarius the Archmage (DEEE)                       Turns: 126347, Time: 08:54:30

Health: 199/199    AC: 54    Str:  8    XL:     27
Magic:  41/56      EV:  9    Int: 57    God:    Vehumet [******]
Gold:   19737      SH: 35    Dex: 17    Spells: 4/80 levels left

rFire    + + +     SeeInvis +   o - +3 Elemental Staff {rElec rF++ rC++ Will++ AC+5}
rCold    + + +     Faith    .   X - +7 tower shield of Narcissism {rN+}
rNeg     + + +     Spirit   .   t - +8 gold dragon scales of the Shoals {rPois rF+ rC+ Int+2}
rPois    +         Reflect  .   L - +2 helmet {Int+3}
rElec    +         Harm     .   c - +0 cloak of the Wicked Tuna {rC++ Int+6}
rCorr    .         Rampage  .   s - +2 pair of gloves {Str+3}
Will     ++++.                  w - +2 pair of boots {run}
Stlth    ++........             Q - amulet of Zonlil {rN++ Regen+ Dex-2}
HPRegen  0.83/turn              n - ring "Yjafua" {rElec rF- rC+ Int+9 SInv}
MPRegen  0.35/turn              M - ring "Etocahe" {rF+ Int+3 Dex+4 SInv Stlth+}

@: quick
A: large bone plates 1, thin skeletal structure 1, clumsy 1, sense surroundings
1, MP-powered wands, sturdy frame 1
0: Orb of Zot
}: 15/15 runes: serpentine, barnacled, slimy, silver, golden, iron, obsidian,
icy, bone, abyssal, demonic, glowing, magical, fiery, dark
a: Renounce Religion


You escaped.
You worshipped Vehumet.
Vehumet was exalted by your worship.
You visited 18 branches of the dungeon, and saw 90 of its levels.
You visited Pandemonium 1 time, and saw 20 of its levels.
You visited the Abyss 1 time.
You visited 2 bazaars.
You completed 4 ziggurats, and saw 108 of their levels.
You also visited: Trove, Sewer and Wizlab.

You collected 29856 gold pieces.
You spent 10119 gold pieces at shops.

Inventory:

Hand Weapons
 o - the +3 Elemental Staff (weapon) {rElec rF++ rC++ Will++ AC+5}
   (You found it on level 13 of a ziggurat)

   It affects your AC (+5).
   It greatly protects you from fire.
   It greatly protects you from cold.
   It insulates you from electricity.
   It affects your willpower, your defense against some magical effects.
Armour
 c - the +0 cloak of the Wicked Tuna (worn) {rC++ Int+6}
   (You found it on level 27 of a ziggurat)

   It affects your intelligence (+6).
   It greatly protects you from cold.
 s - a +2 pair of gloves of strength (worn)
 t - the +8 gold dragon scales of the Shoals (worn) {rPois rF+ rC+ Int+2}
   (You found it on level 17 of a ziggurat)

   It affects your intelligence (+2).
   It protects you from fire.
   It protects you from cold.
   It protects you from poison.
 u - +10 pearl dragon scales
 w - a +2 pair of boots of running (worn)
 z - the +0 cloak "Jutseum" {rC+ Str+4 Int+4}
   (You found it on level 2 of the Realm of Zot)

   It affects your strength (+4).
   It affects your intelligence (+4).
   It protects you from cold.
 L - a +2 helmet of intelligence (worn)
 R - the +1 helmet of the Blessed Realm {rF++ Str-4 Dex+4}
   (You found it on level 8 of a ziggurat)

   It affects your strength (-4).
   It affects your dexterity (+4).
   It greatly protects you from fire.
 W - the +2 pair of boots "Vimuakki" {Str+2 Stlth+}
   (You found it in Pandemonium)

   It affects your strength (+2).
   It makes you more stealthy.
 X - the +7 tower shield of Narcissism (worn) {rN+}
   (You found it on level 14 of a ziggurat)

   It protects you from negative energy.
Jewellery
 m - the ring "Mer Muz" {rC+ Str+7 Int+6}
   (You found it on level 21 of a ziggurat)

   [ring of intelligence]

   It affects your strength (+7).
   It affects your intelligence (+6).
   It protects you from cold.
 n - the ring "Yjafua" (left hand) {rElec rF- rC+ Int+9 SInv}
   (You acquired it on level 14 of the Dungeon)

   [ring of protection from cold]

   It affects your intelligence (+9).
   It makes you vulnerable to fire.
   It protects you from cold.
   It insulates you from electricity.
   It lets you see invisible.
 p - the amulet "Gavadwof" {RegenMP rF+ Str+4}
   (You found it on level 19 of a ziggurat)

   [amulet of magic regeneration]

   It increases your magic regeneration.
   It affects your strength (+4).
   It protects you from fire.
 M - the ring "Etocahe" (right hand) {rF+ Int+3 Dex+4 SInv Stlth+}
   (You found it on level 14 of a ziggurat)

   [ring of see invisible]

   It affects your intelligence (+3).
   It affects your dexterity (+4).
   It protects you from fire.
   It lets you see invisible.
   It makes you more stealthy.
 O - the ring "Xesur" {Wiz rF+ Dex+2}
   (You found it on level 26 of a ziggurat)

   [ring of wizardry]

   It improves your spell success rate.
   It affects your dexterity (+2).
   It protects you from fire.
 Q - the amulet of Zonlil (around neck) {rN++ Regen+ Dex-2}
   (You took it off a deep elf knight on level 3 of the Elven Halls)

   [amulet of regeneration]

   It affects your dexterity (-2).
   It greatly protects you from negative energy.
   It increases your rate of regeneration.
 S - the ring "Uqynn" {rF+ rN+ rCorr Str+4}
   (You found it on level 23 of a ziggurat)

   [ring of resist corrosion]

   It affects your strength (+4).
   It protects you from fire.
   It protects you from negative energy.
   It provides partial protection from all sources of acid and corrosion.
 V - the ring "Sebb" {rC+ Str+7}
   (You bought it in a shop on level 2 of the Snake Pit)

   [ring of protection from cold]

   It affects your strength (+7).
   It protects you from cold.
 Y - the ring "Ofaskyas" {rF+ rC+ rN+ MP+9 Str-4}
   (You acquired it on level 19 of a ziggurat)

   [ring of magical power]

   It affects your strength (-4).
   It protects you from fire.
   It protects you from cold.
   It protects you from negative energy.
   It affects your magic capacity (+9).
Wands
 g - a wand of acid (30)
 D - a wand of iceblast (65)
 U - a wand of mindburst (101)
Scrolls
 e - 14 scrolls of fear
 j - 99 scrolls of teleportation
 k - 39 scrolls of amnesia
 v - 93 scrolls of remove curse
 y - 20 scrolls of blinking
 B - 56 scrolls of fog
 H - 15 scrolls of holy word
 I - 15 scrolls of enchant armour
 P - 7 scrolls of summoning
Potions
 b - 15 potions of flight
 d - 25 potions of heal wounds
 i - 6 potions of might
 l - 12 potions of brilliance
 q - 6 potions of haste
 r - 12 potions of cancellation
 x - 7 potions of resistance
 A - 47 potions of curing
 J - 2 potions of invisibility
 K - 9 potions of ambrosia
 N - 65 potions of mutation
 T - 2 potions of magic
Miscellaneous
 f - a box of beasts
 h - a phantom mirror
 G - 2 +4 figurines of a ziggurat
 Z - a condenser vane


   Skills:
 O Level 27 Fighting
 + Level 11.6(14.8) Short Blades
 + Level 14.2(15.4) Long Blades
 + Level 15.4(17.9) Axes
 + Level 8.6(18.6) Maces & Flails
 + Level 12.2(20.0) Polearms
 O Level 27 Staves
 - Level 9.8(11.5) Slings
 - Level 14.5 Bows
 - Level 10.6 Crossbows
 - Level 11.6(13.4) Throwing
 O Level 27 Armour
 O Level 27 Dodging
 O Level 27 Stealth
 O Level 27 Shields
 O Level 27 Spellcasting
 O Level 27 Conjurations
 - Level 14.6 Hexes
 - Level 15.8 Summonings
 O Level 27 Necromancy
 - Level 12.2 Translocations
 O Level 27 Transmutations
 O Level 27 Fire Magic
 O Level 27 Ice Magic
 O Level 27 Air Magic
 O Level 27 Earth Magic
 - Level 12.1 Poison Magic
 - Level 1.5 Invocations
 O Level 27 Evocations


You had 4 spell levels left.
You knew the following spells:

 Your Spells              Type           Power        Failure   Level
a - Iron Shot             Conj/Erth      91%          0%          6
b - Shatter               Erth           91%          2%          9
c - Infestation           Necr           78%          1%          8
d - Tornado               Air            91%          2%          9
e - Absolute Zero         Ice            91%          2%          9
f - Sublimation of Blood  Necr           78%          0%          2
h - Fire Storm            Conj/Fire      91%          2%          9
i - Lehudib's Crystal Sp  Conj/Erth      91%          1%          8
j - Ignition              Fire           91%          1%          8
k - Necromutation         Tmut/Necr      78%          1%          8

Your spell library contained the following spells:

 Spells                   Type           Power        Failure   Level
 Animate Skeleton         Necr           100%         0%          1
 Beastly Appendage        Tmut           100%         0%          1
 Corona                   Hex            100%         0%          1
 Foxfire                  Conj/Fire      100%         0%          1
 Freeze                   Ice            100%         0%          1
 Magic Dart               Conj           100%         0%          1
 Pain                     Necr           100%         0%          1
 Sandblast                Erth           100%         0%          1
 Shock                    Conj/Air       100%         0%          1
 Sting                    Tmut/Pois      100%         0%          1
 Summon Small Mammal      Summ           100%         0%          1
 Call Imp                 Summ           100%         0%          2
 Corpse Rot               Necr/Air       N/A          0%          2
 Ensorcelled Hibernation  Hex/Ice        100%         0%          2
 Passwall                 Tmut/Erth      100%         0%          2
 Poisonous Vapours        Pois/Air       100%         0%          2
 Searing Ray              Conj           100%         0%          2
 Swiftness                Air            100%         0%          2
 Wereblood                Tmut           100%         0%          2
 Conjure Flame            Conj/Fire      100%         0%          3
 Dazzling Flash           Conj/Hex       100%         0%          3
 Frozen Ramparts          Ice            100%         0%          3
 Ignite Poison            Fire/Tmut/Pois 100%         0%          3
 Inner Flame              Hex/Fire       100%         0%          3
 Mephitic Cloud           Conj/Pois/Air  100%         0%          3
 Ozocubu's Armour         Ice            100%         0%          3
 Spider Form              Tmut/Pois      70%          0%          3
 Static Discharge         Conj/Air       100%         0%          3
 Stone Arrow              Conj/Erth      100%         0%          3
 Vampiric Draining        Necr           78%          0%          3
 Airstrike                Air            91%          0%          4
 Animate Dead             Necr           78%          0%          4
 Dispel Undead            Necr           100%         0%          4
 Fulminant Prism          Conj/Hex       71%          0%          4
 Hailstorm                Conj/Ice       100%         0%          4
 Ice Form                 Ice/Tmut       100%         0%          4
 Iskenderun's Mystic Bla  Conj/Tloc      100%         0%          4
 Leda's Liquefaction      Hex/Erth       84%          0%          4
 Petrify                  Tmut/Erth      100%         0%          4
 Sticky Flame             Conj/Fire      100%         0%          4
 Summon Ice Beast         Ice/Summ       100%         0%          4
 Summon Lightning Spire   Summ/Air       100%         0%          4
 Apportation              Tloc           100%         1%          1
 Blink                    Tloc           N/A          1%          2
 Slow                     Hex            100%         1%          2
 Call Canine Familiar     Summ           100%         1%          3
 Confusing Touch          Hex            100%         1%          3
 Gell's Gravitas          Tloc           60%          1%          3
 Lesser Beckoning         Tloc           60%          1%          3
 Portal Projectile        Hex/Tloc       100%         1%          3
 Summon Guardian Golem    Hex/Summ       100%         1%          3
 Teleport Other           Tloc           100%         1%          3
 Tukima's Dance           Hex            100%         1%          3
 Cause Fear               Hex            63%          1%          4
 Olgreb's Toxic Radiance  Pois           100%         1%          4
 Passage of Golubria      Tloc           N/A          1%          4
 Agony                    Necr           100%         0%          5
 Blade Hands              Tmut           78%          0%          5
 Bolt of Magma            Conj/Fire/Erth 100%         0%          5
 Borgnjor's Vile Clutch   Necr/Erth      91%          0%          5
 Excruciating Wounds      Necr           78%          0%          5
 Fireball                 Conj/Fire      91%          0%          5
 Irradiate                Conj/Tmut      78%          0%          5
 Iskenderun's Battlesphe  Conj           100%         0%          5
 Lee's Rapid Deconstruct  Erth           91%          0%          5
 Lightning Bolt           Conj/Air       91%          0%          5
 Conjure Ball Lightning   Conj/Air       91%          0%          6
 Death Channel            Necr           78%          0%          6
 Freezing Cloud           Conj/Ice/Air   100%         0%          6
 Hydra Form               Tmut           78%          0%          6
 Simulacrum               Ice/Necr       91%          0%          6
 Starburst                Conj/Fire      91%          0%          6
 Statue Form              Tmut/Erth      100%         0%          6
 Alistair's Intoxication  Tmut/Pois      93%          1%          5
 Metabolic Englaciation   Hex/Ice        84%          1%          5
 Silence                  Hex/Air        84%          1%          5
 Summon Forest            Summ/Tloc      63%          1%          5
 Summon Mana Viper        Hex/Summ       100%         1%          5
 Yara's Violent Unravell  Hex/Tmut       71%          1%          5
 Eringya's Noxious Bog    Tmut/Pois      70%          1%          6
 Shadow Creatures         Summ           N/A          1%          6
 Dragon Form              Tmut           78%          1%          7
 Haunt                    Necr/Summ      72%          1%          7
 Orb of Destruction       Conj           78%          1%          7
 Ozocubu's Refrigeration  Ice            91%          1%          7
 Spellforged Servitor     Conj/Summ      72%          1%          7
 Borgnjor's Revivificati  Necr           78%          1%          8
 Chain Lightning          Conj/Air       91%          1%          8
 Invisibility             Hex            100%         2%          6
 Dispersal                Tloc           60%          6%          6
 Monstrous Menagerie      Summ           65%          8%          7
 Summon Hydra             Summ           65%          8%          7
 Death's Door             Necr           78%          10%         9
 Malign Gateway           Summ/Tloc      63%          16%         7
 Summon Horrible Things   Summ           65%          52%         8
 Discord                  Hex            63%          69%         8
 Disjunction              Tloc           60%          95%         8
 Dragon's Call            Summ           65%          100%        9


Dungeon Overview and Level Annotations

Branches:
Dungeon (15/15)            Temple (1/1) D:7            Lair (6/6) D:9
 Shoals (4/4) Lair:2        Snake (4/4) Lair:4        Slime (5/5) Lair:5
    Orc (2/2) D:12            Elf (3/3) Orc:2        Vaults (5/5) D:13
  Crypt (3/3) Vaults:2       Tomb (3/3) Crypt:3      Depths (5/5) D:15
   Hell (visited)             Dis (7/7) Hell            Geh (7/7) Hell
    Coc (7/7) Hell            Tar (7/7) Hell            Zot (5/5) Depths:5
  Sewer (visited)          WizLab (visited)

Altars:
Ashenzari
Cheibriados
Dithmenos
Elyvilon
Fedhas
Gozag
Hepliaklqana
Kikubaaqudgha
Makhleb
Nemelex Xobeh
Okawaru
Qazlal
Ru
Sif Muna
Trog
Uskayaw
Vehumet
Wu Jian
Xom
Yredelemnul
Zin
The Shining One
Jiyva

Shops:
D:4 :   D:12 [[[!   Orc:2 [:*[   Elf:1 =:*[?   Shoals:2 *   Snake:2 ==}
Vaults:1 !   Vaults:2 :   Vaults:4 (*(*   Vaults:5 :   Depths:1 =
Depths:2 [(**   Depths:3 !   Depths:5 !

Portals:
Hell: Depths:1 Depths:2 Depths:3 Depths:4 Depths:5
Abyss: Depths:1 Depths:4 Depths:5
Pandemonium: Depths:1 Depths:3

Annotations:
D:4 Edmund
Slime:5 Royal Jelly
Depths:3 4 runed translucent doors
Zot:5 2 transporters


Innate Abilities, Weirdness & Mutations

You are partially covered in large bone plates. (SH +4)
You have a somewhat thin skeletal structure. (Dex +2, Stealth)
You are clumsy. (Dex -2)
You passively map a small area around you.
You expend magic power (3 MP) to strengthen your wands.
Your movements are slightly less encumbered by armour. (ER -2)


Message History

As you read the scroll of blinking, it crumbles to dust.
You feel yourself slow down.
Casting: Shatter (dangerous; 2% risk of failure)
Confirm with . or Enter, or press ? or * to list all spells.
You feel a surge of power!
The dungeon rumbles!
Ka-crash!
Unknown command.
Casting: Shatter (dangerous; 2% risk of failure)
Confirm with . or Enter, or press ? or * to list all spells.
You feel a surge of power!
The dungeon rumbles!
Ka-crash!
Unknown command.
Blink to where?
Press: ? - help, Dir - move target
As you read the scroll of blinking, it crumbles to dust.
Blink to where?
Press: ? - help, Dir - move target
As you read the scroll of blinking, it crumbles to dust.
There is a staircase leading out of the dungeon here.
You have escaped!

#....# #######
##'''## ##8...8##
##.......##
♣#####.........#####♣
♣.......8...8.......♣
♣♣.................♣♣
♣♣................♣
♣♣....8.@.8..♣♣♣♣♣
♣♣♣.......♣♣♣
♣♣♣♣♣.♣♣♣ ♣♣♣


There were no monsters in sight!

Vanquished Creatures
  Cerebov (Pan)
  Antaeus (Coc:7)
  Asmodeus (Geh:7)
  Dissolution (Slime:2)
  Gloorx Vloq (Pan)
  Ereshkigal (Tar:7)
  the Serpent of Hell (Dis:7)
  Lom Lobon (Pan)
  Mnoleg (Pan)
  A seraph (Pan)
  37 ancient liches
  40 dread liches
  Mennas (Pan)
  The ghost of mopl the Sniper, a legendary MiHu of Okawaru (Zot:2)
  Dispater (Dis:7)
  6 orbs of fire (Zot:5)
  Mara (Vaults:3)
  14 juggernauts
  30 royal mummies
  9 shard shrikes
  11 Killer Klowns
  15 caustic shrikes
  A curse toe (Zot:5)
  Saint Roka (Vaults:2)
  Xtahua (Depths:4)
  Vashnia (Snake:3)
  13 pandemonium lords
  The ghost of Jimaaf the Impregnable, an adept DDFi of Uskayaw (Zot:2)
  Geryon (Hell)
  56 golden dragons
  7 profane servitors
  The ghost of Killmatronix the Impregnable, a veteran SpBe of Trog (Zot:5)
  3 pearl dragons
  27 bone dragons
  9 doom hounds
  33 Tzitzimimeh
  42 liches
  8 electric golems
  25 iron giants
  10 hellephants
  37 tentacled monstrosities
  42 Brimstone Fiends
  41 Ice Fiends
  24 Orb Guardians (Zot:5)
  61 Hell Sentinels
  Asterion (Vaults:2)
  26 deep elf blademasters
  48 titans
  36 deep elf master archers
  17 quicksilver dragons
  44 Executioners
  A quicksilver dragon (shapeshifter) (Vaults:5)
  84 acid blobs
  Frances (Elf:1)
  Polyphemus (Shoals:3)
  Murray (Hell)
  31 tentacled starspawn
  2 krakens
  4 death cobs
  30 sphinxes
  32 ancient champions
  11 shadow dragons
  Kirke (D:12)
  10 tengu reavers
  Donald (Elf:1)
  Ilsuiw (Shoals:3)
  Roxanne (D:14)
  32 storm dragons
  3 thorn hunters
  40 draconian monks
  2 storm dragons (shapeshifter)
  17 daevas
  33 revenants
  84 nagarajas
  A fenstrider witch (shapeshifter) (Zig:15)
  49 draconian knights
  A fire giant (shapeshifter) (Zig:15)
  20 fire giants
  2 fenstrider witches
  24 vault wardens
  22 frost giants
  18 deep elf sorcerers
  54 azure jellies
  23 iron dragons
  37 blood saints
  A ghost moth (shapeshifter) (Depths:3)
  Louise (D:14)
  95 ghost moths
  Aizul (Snake:1)
  54 orc warlords
  55 emperor scorpions
  26 warmongers
  45 balrugs
  50 corrupters
  42 draconian stormcallers
  5 caustic shrike zombies
  50 draconian scorchers
  41 cacodemons
  19 curse skulls
  44 draconian shifters
  27 ironheart preservers
  10 deep elf elementalists
  7 ghouls
  29 angels
  10 juggernaut zombies
  33 very ugly things
  47 draconian annihilators
  3 elemental wellsprings
  5 caustic shrike skeletons (Zig:13)
  2 spriggan defenders
  124 reapers
  4 juggernaut skeletons
  4 bennus (Tomb:2)
  30 war gargoyles
  26 vampire knights
  66 stone giants
  19 apis
  26 black suns
  54 deep elf demonologists
  21 yellow draconians
  A stone giant (shapeshifter) (Zig:15)
  13 ophanim
  Nessos (D:13)
  59 entropy weavers
  18 green draconians
  27 red draconians
  14 lorocyprocas
  12 bunyips
  30 white draconians
  A dire elephant (shapeshifter) (Zig:15)
  16 dire elephants
  Azrael (D:12)
  28 purple draconians
  11 orange crystal statues
  29 black draconians
  18 spark wasps
  20 merfolk javelineers
  41 deep elf annihilators
  14 eidola
  3 crystal guardians (Zig:9)
  20 ettins
  14 merfolk impalers
  Snorg (D:12)
  12 death oozes
  An eleionoma (shapeshifter) (Zig:15)
  14 eleionomae
  54 green deaths
  11 quicksilver dragon zombies
  17 deep elf death magi
  57 blizzard demons
  31 mummy priests
  2 spectral krakens (Tar:7)
  31 yaktaur captains
  20 fire dragons
  24 jiangshi
  The ghost of iamberjio the Cleaver, a journeyman DDFi of Makhleb (D:12)
  Josephine (D:10)
  11 shambling mangroves
  A great orb of eyes (shapeshifter) (Zig:19)
  39 deep elf high priests
  29 vault guards
  18 hell beasts
  78 hydras
  6 ghost crabs
  36 great orbs of eyes
  6 quicksilver dragon skeletons
  32 naga warriors
  11 spriggan air magi
  39 ice dragons
  19 rakshasas
  21 boulder beetles
  10 merfolk aquamancers
  21 anacondas
  4 merfolk avatars
  11 catoblepae
  12 centaur warriors
  8 alligator snapping turtles
  7 monstrous demonspawn
  24 ogre magi
  3 anacondas (shapeshifter)
  5 two-headed ogres (shapeshifter)
  17 death yaks
  A satyr (shapeshifter) (Depths:3)
  10 tengu warriors
  67 dancing weapons
  8 death knights
  45 two-headed ogres
  2 queen ants (shapeshifter)
  112 large abominations
  7 satyrs
  12 alligators
  18 deep troll earth magi
  9 deep troll shamans
  103 death scarabs
  41 naga sharpshooters
  19 hell hogs
  A shock serpent (shapeshifter) (Zig:10)
  11 spriggan berserkers
  13 titan zombies
  57 wretched stars
  6 iron golems
  42 thrashing horrors
  60 orc high priests
  32 vampire magi
  25 sun demons
  40 shock serpents
  48 deep elf knights
  22 storm dragon zombies
  49 soul eaters
  40 sixfirhies
  43 hell knights
  9 titan skeletons
  25 shadow wraiths
  7 salamander mystics
  A fire crab (shapeshifter) (Vaults:5)
  4 sea snakes (shapeshifter)
  An iron troll (shapeshifter) (Zig:15)
  2 goliath frogs (shapeshifter)
  A death drake (shapeshifter) (Zig:15)
  10 goliath frogs
  36 iron trolls
  An unseen horror (shapeshifter) (Depths:2)
  8 anaconda zombies
  11 gelid demonspawn
  17 deep trolls
  A spark wasp zombie (Zig:13)
  20 death drakes
  22 spatial maelstroms
  5 unseen horrors
  A ghost moth zombie (Dis:7)
  13 golden dragon zombies
  7 storm dragon skeletons
  148 skeletal warriors
  29 flayed ghosts
  14 naga ritualists
  33 swamp dragons
  16 spriggan druids
  9 cherubim (Pan)
  49 shadow demons
  A kraken simulacrum (Hell)
  13 infernal demonspawn
  9 torturous demonspawn
  2 lindwurms (shapeshifter)
  3 deep trolls (shapeshifter)
  69 starcursed masses
  13 wizards
  12 shadow dragon zombies
  9 bog bodies
  13 sea snakes
  7 golden dragon skeletons
  7 obsidian statues
  A swamp dragon (shapeshifter) (Zig:15)
  41 deep elf archers
  42 orc knights
  17 glowing orange brains
  7 anaconda skeletons
  11 mana vipers
  14 tengu zombies
  13 harpies
  21 phantasmal warriors
  9 sphinx zombies
  20 ironbrand convokers
  65 wolf spiders
  43 deep elf zephyrmancers
  2 orb spiders (shapeshifter)
  13 necromancers
  2 harpies (shapeshifter)
  2 shining eyes (shapeshifter)
  5 frost giant zombies
  19 cyclopes
  44 orc sorcerers
  6 wolf spider zombies
  105 deep elf pyromancers
  52 ugly things
  3 salamanders (shapeshifter)
  3 shadow dragon skeletons
  106 orb spiders
  2 mana vipers (shapeshifter)
  8 iron dragon zombies
  2 sphinx skeletons (Zig:18)
  14 fauns
  10 worldbinders
  11 will-o-the-wisps
  7 fire giant zombies
  2 elephants (shapeshifter)
  A wolf spider (shapeshifter) (Zig:27)
  11 stone giant zombies
  2 manticores (shapeshifter)
  20 manticores
  34 vault sentinels
  102 moths of wrath
  2 fauns (shapeshifter)
  6 oklob plants
  33 shining eyes
  23 salamanders
  4 guardian serpents (shapeshifter)
  5 stone giant skeletons
  2 moths of wrath (shapeshifter)
  5 spriggan zombies
  17 elephants
  6 iron dragon skeletons
  2 water nymphs (shapeshifter)
  A cyclops (shapeshifter) (Zig:22)
  10 water nymphs
  10 merfolk sirens
  3 fire giant skeletons
  30 guardian serpents
  51 rust devils
  100 black mambas
  6 frost giant skeletons
  Joseph (D:10)
  7 ice statues
  A black mamba (shapeshifter) (Depths:4)
  14 molten gargoyles
  7 gargoyles
  46 torpor snails
  42 naga magi
  16 apocalypse crabs
  2 eyes of devastation (shapeshifter)
  5 spriggan skeletons
  76 smoke demons
  18 eyes of devastation
  Maggie (D:7)
  28 orange demons
  A torpor snail (shapeshifter) (Zig:27)
  A dire elephant zombie (Dis:7)
  57 hellions
  8 spectral swamp worms (Tar:7)
  33 cane toads
  20 komodo dragons
  19 efreet
  A catoblepas zombie (Crypt:2)
  23 elf zombies
  3 dire elephant skeletons
  An iron troll zombie (Crypt:1)
  12 rime drakes
  An emperor scorpion zombie (Dis:2)
  58 freezing wraiths
  A shock serpent skeleton (Crypt:2)
  A yaktaur (shapeshifter) (Zig:26)
  A rime drake (shapeshifter) (Vaults:5)
  107 tormentors
  64 demonic crawlers
  27 hellwings
  36 yaktaurs
  2 silent spectres
  64 ice devils
  33 ancient zymes
  A ghost moth simulacrum (Crypt:3)
  9 tengu conjurers
  59 guardian mummies
  4 elf skeletons
  A queen bee (D:15)
  A jumping spider (shapeshifter) (Zig:22)
  A golden dragon simulacrum (Zig:23)
  7 tyrant leeches
  4 hydra zombies
  5 bloated husks
  42 red devils
  33 trolls
  A troll (shapeshifter) (Depths:4)
  46 merfolk
  A wind drake (shapeshifter) (Zig:15)
  A polar bear (shapeshifter) (Depths:4)
  7 meliai
  9 polar bears
  An iron troll skeleton (Crypt:1)
  7 hydra skeletons
  10 wind drakes
  5 fire dragon zombies
  6 ice dragon zombies
  A wolf spider simulacrum (Coc:7)
  62 hornets
  156 slime creatures
  A slime creature (shapeshifter) (Depths:4)
  76 jumping spiders
  32 blink frogs
  44 small abominations
  A blink frog (shapeshifter) (Zig:26)
  A harpy skeleton (Geh:7)
  35 raiju
  A snapping turtle (shapeshifter) (Zig:15)
  A raiju (shapeshifter) (Zig:27)
  A satyr zombie (Crypt:1)
  An ettin zombie (Dis:7)
  A dream sheep (shapeshifter) (Zig:3)
  8 snapping turtles
  161 flying skulls
  11 dream sheep
  A black mamba zombie (Dis:4)
  24 spriggans
  2 stone giant simulacra
  2 ettin skeletons
  A redback (shapeshifter) (Zig:19)
  A spriggan (shapeshifter) (Zig:27)
  33 ynoxinuls
  19 shadows
  11 wyverns
  A vampire (Zig:7)
  7 fire dragon skeletons
  An alligator skeleton (Dis:7)
  70 redbacks
  63 tarantellas
  5 ice dragon skeletons
  23 air elementals
  14 basilisks
  59 wraiths
  A spriggan simulacrum (Zig:23)
  2 basilisks (shapeshifter)
  30 fire elementals
  3 hogs (shapeshifter)
  37 water elementals
  33 ushabtiu
  51 yaks
  2 black mamba skeletons
  A fire bat (Zig:24)
  A golden eye (shapeshifter) (Vaults:5)
  23 golden eyes
  7 hogs (D:12)
  5 steam dragons
  35 chaos spawn
  Grum (D:8)
  45 neqoxecs
  5 spatial vortices
  A merfolk zombie (Dis:7)
  25 wargs
  5 vampire mosquitoes
  A naga (shapeshifter) (Zig:27)
  An infernal demonspawn zombie (Crypt:2)
  68 nagas
  A swamp worm (shapeshifter) (Zig:8)
  A warg (shapeshifter) (Zig:15)
  A hydra simulacrum (Coc:3)
  7 acid dragons
  4 cane toad zombies
  52 hell hounds
  A gelid demonspawn zombie (Crypt:2)
  A floating eye (shapeshifter) (Vaults:5)
  Duvessa (D:7)
  7 floating eyes
  A deep troll skeleton (Crypt:2)
  A water nymph skeleton (Crypt:1)
  39 water moccasins
  6 tengu skeletons
  A merfolk skeleton (Geh:7)
  176 orc warriors
  5 swamp drakes
  3 cane toad skeletons
  7 sky beasts
  7 ice beasts
  6 black bears
  36 eyes of draining
  2 manticore zombies
  24 necrophages
  11 phantoms
  A black bear (shapeshifter) (D:12)
  An alligator simulacrum (Hell)
  6 snapping turtle zombies
  125 ogres
  An eye of draining (shapeshifter) (Zig:17)
  A wolf (shapeshifter) (D:12)
  10 boggarts
  A boggart (shapeshifter) (Depths:4)
  A swamp dragon skeleton (Geh:7)
  41 wolves
  3 manticore skeletons
  18 centaurs
  4 snapping turtle skeletons
  8 big kobolds
  14 bullfrogs
  A deep troll simulacrum (Vaults:1)
  20 earth elementals
  A gnoll sergeant (Zig:16)
  2 wyvern zombies
  A yaktaur skeleton (Zig:3)
  4 scorpions
  A wyvern skeleton (D:12)
  A scorpion (shapeshifter) (D:12)
  Dowan (D:7)
  An elf simulacrum (Vaults:3)
  29 killer bees
  A killer bee (shapeshifter) (D:12)
  50 wights
  A human simulacrum (Vaults:3)
  A howler monkey (shapeshifter) (D:12)
  5 electric eels
  3 howler monkeys
  10 crimson imps
  2 bullfrog zombies
  6 centaur zombies
  4 human zombies
  4 jellies
  5 quasits
  67 iron imps
  2 bullfrog skeletons
  7 hounds
  32 orc priests
  Crazy Yiuf (D:7)
  8 centaur skeletons
  4 human skeletons
  11 iguanas
  33 orc wizards
  10 worker ants
  6 lightning spires
  7 hell rats
  An ogre zombie (Crypt:1)
  A naga zombie (Hell)
  A naga skeleton (Crypt:2)
  2 ogre skeletons
  A hound zombie (D:11)
  2 hound skeletons
  74 mummies
  A howler monkey skeleton (D:7)
  26 adders
  9 gnolls
  11 shadow imps
  32 white imps
  4 ufetubi
  2 oozes (Sewer)
  An adder zombie (D:9)
  2 worms
  2 dart slugs
  9 leopard geckos
  130 orcs
  12 giant cockroaches
  8 goblins
  9 hobgoblins
  8 jackals
  38 kobolds
  5 quokkas
  5 ball pythons
  9 bats
  10 frilled lizards
  A gnoll skeleton (Crypt:1)
  A jackal skeleton (Crypt:2)
  A leopard gecko skeleton (D:7)
  5 rats
  19 blocks of ice
  15 briar patches (Abyss:3)
  723 fire vortices
  A lurking horror (Abyss:3)
  11 starspawn tentacles
  4 tentacles
11075 creatures vanquished.

Vanquished Creatures (collateral kills)
  A royal mummy (Tomb:1)
  A bone dragon (Zig:12)
  An Ice Fiend (Coc:7)
  A titan (Zig:27)
  2 ancient champions
  5 acid blobs
  A death cob (Zot:5)
  2 Executioners (Zig:24)
  A storm dragon (Zot:5)
  A draconian monk (Zot:2)
  An iron dragon (Zig:9)
  2 ghost moths
  A warmonger (Zig:26)
  3 emperor scorpions
  A caustic shrike zombie (Zig:21)
  An ironheart preserver (Zig:15)
  4 reapers
  2 angels (Pan)
  A caustic shrike skeleton (Zig:11)
  An ophan (Pan)
  A very ugly thing (Zig:27)
  A green draconian (Zot:5)
  2 black suns
  A yellow draconian (Zot:3)
  2 corrupters
  3 starcursed masses
  A black draconian (Zot:2)
  An eidolon (Zig:23)
  A merfolk javelineer (Shoals:4)
  2 boulder beetles
  2 catoblepae
  An alligator (Zig:11)
  An iron troll (Zig:16)
  4 wretched stars
  A shadow dragon zombie (Zig:13)
  A sphinx zombie (Zig:12)
  An ironbrand convoker (Zig:10)
  2 orc sorcerers (Zig:16)
  A wolf spider (Zig:27)
  A large abomination (Zig:20)
  2 iron dragon skeletons
  2 moths of wrath
  A torpor snail (Zig:18)
  An ice devil (Coc:7)
  3 demonic crawlers
  A freezing wraith (Dis:7)
  An ancient zyme (Zig:24)
  2 jumping spiders
  A hornet (Zig:22)
  2 slime creatures
  2 tarantellas
  A redback (Zig:20)
  A tarantella (shapeshifter) (Zig:15)
  A wraith (D:12)
  2 ynoxinuls
  2 chaos spawn
  A warg (Zig:17)
  An orc warrior (Zig:17)
  2 eyes of draining
  A necrophage (Zig:12)
  A small abomination (Zig:24)
  An orc wizard (D:12)
  A mummy (Zig:5)
  A shadow imp (Zig:12)
  2 white imps
  2 orcs (D:12)
  2 blocks of ice
103 creatures vanquished.

Vanquished Creatures (others)
  An ancient lich (Zot:5)
  A Brimstone Fiend (Zig:20)
  An Ice Fiend (Zig:20)
  A draconian stormcaller (Zot:5)
  A yellow draconian (Zot:5)
  A bunyip (Zig:4)
  A spark wasp (Zig:25)
  3 shambling mangroves
  A merfolk impaler (Shoals:4)
  A hydra (Zig:8)
  A merfolk aquamancer (Shoals:4)
  A hell hog (Geh:7)
  A spriggan (Zig:9)
  A salamander mystic (Zig:25)
  A storm dragon skeleton (Geh:7)
  A sea snake (Shoals:4)
  A swamp dragon (Zig:9)
  A harpy (Shoals:4)
  An orb spider (Zig:18)
  3 will-o-the-wisps
  A moth of wrath (Zot:5)
  A merfolk (Shoals:4)
  A hornet (Zig:9)
  A raiju (Zig:25)
  A redback (Zig:25)
  A human zombie (Abyss:3)
  70 blocks of ice
  1382 fire vortices
  8 foxfires
  40 fungi
  208 plants
  13 starspawn tentacles
  22 tentacles
1773 creatures vanquished.

Grand Total: 12951 creatures vanquished

Notes
Turn   | Place    | Note
-------+----------+-------------------------------------------
     0 | D:1      | Inarius the Deep Elf Earth Elementalist began the quest for
                  | the Orb.
     0 | D:1      | Reached XP level 1. HP: 10/10 MP: 6/6
   155 | D:1      | Reached XP level 2. HP: 15/15 MP: 2/8
   782 | D:2      | Reached XP level 3. HP: 19/19 MP: 7/10
   786 | D:2      | Learned a level 3 spell: Stone Arrow
  1275 | D:2      | Reached skill level 1 in Conjurations
  1630 | D:2      | Reached XP level 4. HP: 11/24 MP: 5/11
  2209 | D:2      | Found a faded altar of an unknown god.
  2369 | D:3      | Noticed an ogre
  2846 | D:3      | Reached skill level 5 in Earth Magic
  3042 | D:3      | Reached XP level 5. HP: 26/28 MP: 4/12
  3210 | D:3      | Killed an ogre
  3586 | D:4      | Noticed Edmund
  3591 | D:3      | Reached XP level 6. HP: 23/33 MP: 9/13
  3837 | D:4      | Reached skill level 1 in Short Blades
  3928 | D:3      | Learned a level 5 spell: Lee's Rapid Deconstruction
  4358 | D:4      | Found Ogezur's Book Shoppe.
  4861 | D:5      | Entered Level 5 of the Dungeon
  4961 | D:5      | Found an iron altar of Okawaru.
  5187 | D:5      | Reached XP level 7. HP: 37/37 MP: 11/15
  5333 | D:5      | Reached skill level 1 in Fighting
  5711 | D:5      | Reached skill level 5 in Spellcasting
  5789 | D:5      | Found a sacrificial altar of Ru.
  6435 | D:6      | Reached skill level 1 in Armour
  6437 | D:6      | Reached XP level 8. HP: 43/43 MP: 5/19
  6522 | D:6      | Found a glowing drain.
  6547 | Sewer    | Entered a sewer
  7057 | Sewer    | Reached skill level 5 in Conjurations
  8406 | D:7      | Noticed Duvessa
  8406 | D:7      | Noticed Dowan
  8408 | D:7      | Killed Dowan
  8410 | D:7      | Killed Duvessa
  8543 | D:7      | Found a staircase to the Ecumenical Temple.
  8555 | Temple   | Entered the Ecumenical Temple
  8806 | Temple   | Became a worshipper of Vehumet
  8873 | D:7      | Noticed Maggie
  8888 | D:7      | Killed Maggie
  8889 | D:7      | Reached XP level 9. HP: 47/47 MP: 2/23
  9374 | D:7      | Found a runed translucent door.
  9375 | D:7      | Noticed Crazy Yiuf
  9495 | D:7      | Killed Crazy Yiuf
  9894 | D:8      | Noticed Grum
  9999 | D:8      | Killed Grum
 10058 | D:8      | Found a blossoming altar of Fedhas.
 10077 | D:8      | Reached * piety under Vehumet
 10077 | D:8      | Offered knowledge of Magic Dart by Vehumet.
 10652 | D:8      | Reached skill level 10 in Spellcasting
 10914 | D:8      | Reached skill level 5 in Dodging
 11241 | D:9      | Found a staircase to the Lair.
 11241 | D:9      | Noticed an elephant
 11306 | D:9      | Reached XP level 10. HP: 53/53 MP: 17/26
 11311 | D:9      | Offered knowledge of Searing Ray by Vehumet.
 11313 | D:9      | Reached ** piety under Vehumet
 11669 | D:9      | Killed an elephant
 11796 | D:9      | Identified the +10 scale mail of Haxzargh {Stlth+}
 12192 | D:9      | Reached skill level 10 in Earth Magic
 12330 | D:9      | Identified Xejyst's Guide on the Glacier and Air
 12645 | D:10     | Entered Level 10 of the Dungeon
 12699 | D:10     | Noticed a gargoyle
 12701 | D:10     | Killed a gargoyle
 12723 | D:10     | Offered knowledge of Conjure Flame by Vehumet.
 13013 | D:10     | Found the +10 zealot's sword {holy, *Rage rN+ EV+3}
 13255 | D:10     | Noticed Josephine
 13259 | D:10     | Killed Josephine
 13260 | D:10     | Reached skill level 10 in Conjurations
 13261 | D:10     | Reached XP level 11. HP: 53/57 MP: 6/27
 13384 | D:10     | Reached skill level 1 in Staves
 13409 | D:10     | Noticed Joseph
 13624 | D:10     | Killed Joseph
 14019 | D:10     | Noticed a cyan ugly thing
 14035 | D:10     | Killed a cyan ugly thing
 14207 | D:10     | Found a glowing golden altar of the Shining One.
 14739 | D:11     | Noticed a two-headed ogre
 14758 | D:11     | Killed a two-headed ogre
 14955 | D:11     | Reached *** piety under Vehumet
 15401 | D:11     | Reached skill level 1 in Evocations
 15974 | D:11     | Offered knowledge of Static Discharge by Vehumet.
 16204 | D:11     | Noticed a five-headed hydra
 16212 | D:11     | Killed a five-headed hydra
 17019 | Lair:1   | Entered Level 1 of the Lair of Beasts
 17430 | Lair:1   | Reached XP level 12. HP: 60/64 MP: 18/28
 18461 | Lair:2   | Reached **** piety under Vehumet
 18746 | Lair:2   | Offered knowledge of Bolt of Magma by Vehumet.
 18841 | Lair:2   | Identified Lee's Tome of Dusty Conjuration
 18856 | Lair:2   | Learned a level 5 spell: Bolt of Magma
 19005 | Lair:2   | Found a staircase to the Shoals.
 19533 | Lair:3   | Reached skill level 5 in Evocations
 19644 | Lair:3   | Noticed a seven-headed hydra
 19885 | Lair:3   | Killed a seven-headed hydra
 21157 | Lair:4   | Noticed a four-headed hydra
 21163 | Lair:4   | Killed a four-headed hydra
 21164 | Lair:4   | Reached XP level 13. HP: 68/68 MP: 13/29
 21468 | Lair:4   | Reached skill level 1 in Fire Magic
 21591 | Lair:4   | Found a staircase to the Snake Pit.
 22740 | Lair:5   | Reached ***** piety under Vehumet
 22897 | Lair:5   | Offered knowledge of Fulminant Prism by Vehumet.
 23391 | Lair:5   | Reached skill level 15 in Earth Magic
 23705 | Lair:5   | Found a staircase to the Slime Pits.
 24194 | Lair:6   | Entered Level 6 of the Lair of Beasts
 25652 | Lair:6   | Reached XP level 14. HP: 47/72 MP: 17/31
 25815 | Lair:6   | Identified the Incunabulum of Evil
 26287 | Lair:6   | Reached skill level 15 in Conjurations
 27073 | D:12     | Offered knowledge of Spellforged Servitor by Vehumet.
 27074 | D:12     | Reached skill level 1 in Shields
 27074 | D:12     | Noticed Kirke
 27081 | D:12     | Killed Kirke
 27116 | D:12     | Found Amafaute's Distillery.
 27151 | D:12     | Found Pyocuq's Antique Armour Emporium.
 27308 | D:12     | Found a flickering gateway to a bazaar.
 27317 | Bazaar   | Entered a bazaar
 27337 | Bazaar   | Found Fumocsod's Weapon Emporium.
 27352 | Bazaar   | Found Fialias's Magic Scroll Shoppe.
 27367 | Bazaar   | Found Qofanyneb's Antique Weapon Emporium.
 27367 | Bazaar   | Found Kathypt's General Store.
 27463 | Bazaar   | Bought a scroll of fear for 45 gold pieces
 27463 | Bazaar   | Bought a scroll of summoning for 123 gold pieces
 27463 | Bazaar   | Bought a scroll of identify for 26 gold pieces
 27463 | Bazaar   | Bought a scroll of identify for 26 gold pieces
 27463 | Bazaar   | Bought a scroll of identify for 26 gold pieces
 27463 | Bazaar   | Bought a scroll of identify for 26 gold pieces
 27463 | Bazaar   | Bought a scroll of enchant armour for 97 gold pieces
 27470 | Bazaar   | Identified a scroll of acquirement
 27473 | Bazaar   | Acquired 701 gold pieces
 27617 | D:12     | Bought a potion of magic for 128 gold pieces
 27617 | D:12     | Bought a potion of heal wounds for 80 gold pieces
 27617 | D:12     | Bought a potion of mutation for 128 gold pieces
 27617 | D:12     | Bought a potion of lignification for 48 gold pieces
 27617 | D:12     | Bought a potion of curing for 48 gold pieces
 27617 | D:12     | Bought a potion of haste for 160 gold pieces
 27719 | D:12     | Found Gimihal's Antique Armour Shoppe.
 28032 | D:12     | Bought a shimmering cloak for 285 gold pieces
 28032 | D:12     | Bought a tattered robe for 171 gold pieces
 28042 | D:12     | Identified the +0 robe "Beofoad" {Will+} (You bought it in
                  | a shop on level 12 of the Dungeon)
 28062 | D:12     | Identified the +1 cloak "Dinyuf" {rPois} (You bought it in
                  | a shop on level 12 of the Dungeon)
 28088 | D:12     | Found Mofre's Armour Shoppe.
 28125 | D:12     | Noticed Azrael
 28266 | D:12     | Killed Azrael
 28488 | D:12     | Noticed Snorg
 28492 | D:12     | Killed Snorg
 28782 | D:12     | Found a staircase to the Orcish Mines.
 28933 | D:12     | Found a runed translucent gate.
 28933 | D:12     | Found a runed translucent gate.
 28936 | D:12     | Found a runed translucent gate.
 28936 | D:12     | Noticed a green very ugly thing
 29020 | Orc:1    | Entered Level 1 of the Orcish Mines
 29204 | Orc:2    | Entered Level 2 of the Orcish Mines
 29205 | Orc:2    | Found a staircase to the Elven Halls.
 29628 | Orc:1    | Offered knowledge of Irradiate by Vehumet.
 29944 | D:12     | Reached XP level 15. HP: 46/77 MP: 7/34
 30542 | Orc:2    | Noticed an orc warlord
 30556 | Orc:2    | Killed an orc warlord
 30753 | Orc:2    | Found Raavao's Armour Emporium.
 30754 | Orc:2    | Found Cotwocw's General Store.
 30760 | Orc:2    | Found Vifarghew's Book Boutique.
 30769 | Orc:2    | Found Numad Vamy's Armour Emporium.
 31280 | Orc:1    | Noticed an orc warlord
 31424 | Orc:2    | Killed an orc warlord
 31425 | Orc:2    | Reached skill level 10 in Evocations
 31719 | Orc:1    | Reached ****** piety under Vehumet
 32374 | Orc:2    | Bought a +2 pair of gloves for 247 gold pieces
 32385 | Orc:2    | Bought a +1 buckler of resistance for 547 gold pieces
 32530 | D:12     | Bought a jewelled chain mail for 285 gold pieces
 32541 | D:12     | Identified the cursed +0 chain mail of Ycaqysal {Rampage
                  | rF+ Int-5} (You bought it in a shop on level 12 of the
                  | Dungeon)
 32590 | D:12     | Learned a level 5 spell: Borgnjor's Vile Clutch
 32603 | D:12     | Learned a level 2 spell: Sublimation of Blood
 32658 | D:12     | Offered knowledge of Orb of Destruction by Vehumet.
 32682 | D:12     | Found a runed translucent gate.
 32682 | D:12     | Found a runed translucent gate.
 32685 | D:12     | Found a runed translucent gate.
 32689 | D:12     | Noticed iamberjio's ghost (journeyman DDFi)
 32762 | D:12     | Killed iamberjio's ghost
 32945 | D:12     | Identified a +2 pair of boots of running (You found it on
                  | level 12 of the Dungeon)
 33058 | D:12     | Learned a level 7 spell: Orb of Destruction
 33365 | D:13     | Found a gate to the Vaults.
 33935 | D:13     | Noticed Nessos
 33944 | D:13     | Killed Nessos
 34225 | D:13     | Reached skill level 1 in Necromancy
 34890 | D:14     | Noticed Roxanne
 35534 | D:14     | Acquired the ring "Yjafua" {rElec rF- rC+ Int+9 SInv}
 35535 | D:14     | Acquired the Almanac of the Lethal Glacier
 35536 | D:14     | Acquired a book of Flames
 35548 | D:14     | Learned a level 6 spell: Iron Shot
 35554 | D:14     | Learned a level 5 spell: Fireball
 35556 | D:14     | Noticed Louise
 35559 | D:14     | Killed Louise
 35662 | D:14     | Killed Roxanne
 35663 | D:14     | Reached XP level 16. HP: 83/83 MP: 17/35
 35762 | D:15     | Entered Level 15 of the Dungeon
 36059 | D:15     | Offered knowledge of Iskenderun's Battlesphere by Vehumet.
 37216 | D:15     | Found a staircase to the Depths.
 37724 | Shoals:1 | Entered Level 1 of the Shoals
 38352 | Shoals:1 | Noticed a kraken
 38460 | Shoals:1 | Killed a kraken
 39296 | Shoals:2 | Noticed a kraken
 39303 | Shoals:2 | Killed a kraken
 39588 | Shoals:2 | Found Xahu Jum's General Store.
 39602 | Shoals:2 | Bought a scroll of magic mapping for 49 gold pieces
 39602 | Shoals:2 | Bought a scroll of identify for 28 gold pieces
 40189 | Shoals:3 | Noticed Ilsuiw
 40405 | Shoals:3 | Offered knowledge of Starburst by Vehumet.
 40842 | Shoals:3 | Reached skill level 5 in Fire Magic
 41502 | Shoals:3 | Reached skill level 5 in Fighting
 41767 | Shoals:3 | Killed Ilsuiw
 41768 | Shoals:3 | Reached XP level 17. HP: 75/92 MP: 17/37
 41854 | Shoals:3 | Noticed Polyphemus
 41858 | Shoals:3 | Killed Polyphemus
 42337 | Shoals:4 | Entered Level 4 of the Shoals
 43904 | Shoals:4 | Offered knowledge of Lehudib's Crystal Spear by Vehumet.
 43955 | Shoals:4 | Reached skill level 5 in Shields
 44971 | Shoals:4 | Got a barnacled rune of Zot
 45653 | Snake:1  | Entered Level 1 of the Snake Pit
 45937 | Snake:1  | Noticed Aizul
 45944 | Snake:1  | Killed Aizul
 46812 | Snake:1  | Reached skill level 15 in Spellcasting
 47425 | Snake:2  | Reached XP level 18. HP: 97/100 MP: 18/39
 47571 | Snake:2  | Offered knowledge of Shatter by Vehumet.
 47571 | Snake:2  | Offered knowledge of Tornado by Vehumet.
 47571 | Snake:2  | Offered knowledge of Absolute Zero by Vehumet.
 47582 | Snake:2  | Learned a level 9 spell: Shatter
 47715 | Snake:2  | Found Ydave's Gadget Shoppe.
 47715 | Snake:2  | Found Ryqargh's Jewellery Boutique.
 47716 | Snake:2  | Found Kame's Jewellery Boutique.
 47746 | Snake:2  | Bought the ring "Sebb" {rC+ Str+7} for 747 gold pieces
 48374 | Snake:3  | Noticed Vashnia
 48628 | Snake:3  | Killed Vashnia
 49212 | Snake:3  | Reached skill level 5 in Armour
 49527 | Snake:3  | Upgraded the game from 0.27-a0-124-g19cb506db8 to
                  | 0.27-a0-155-g177a798329
 49576 | Snake:4  | Entered Level 4 of the Snake Pit
 52708 | Snake:4  | Got a serpentine rune of Zot
 52988 | D:12     | Bought a +4 scale mail of willpower for 341 gold pieces
 53032 | Vaults:1 | Entered Level 1 of the Vaults
 53322 | Vaults:1 | Reached XP level 19. HP: 106/106 MP: 25/41
 54006 | Vaults:1 | Reached skill level 5 in Necromancy
 54815 | Vaults:1 | Gained mutation: Your body sometimes deteriorates upon
                  | taking damage. [mutagenic glow]
 55288 | Vaults:1 | Found Jipuah's Distillery.
 55298 | Vaults:1 | Bought a potion of haste for 140 gold pieces
 56136 | Vaults:2 | Acquired 945 gold pieces
 56411 | Vaults:2 | Noticed Saint Roka
 56686 | Vaults:2 | Noticed Asterion
 56690 | Vaults:2 | Killed Asterion
 56835 | Vaults:2 | Killed Saint Roka
 57325 | Vaults:2 | Found a staircase to the Crypt.
 57537 | Vaults:2 | Found Kadouf's Book Shoppe.
 58986 | Vaults:3 | Reached XP level 20. HP: 86/114 MP: 42/42
 59604 | Vaults:3 | Noticed Mara
 59943 | Vaults:3 | Noticed Inarius's illusion
 59943 | Vaults:3 | Killed Mara
 60948 | Vaults:4 | Reached skill level 10 in Dodging
 61169 | Vaults:4 | Found Vipsomm's Assorted Antiques.
 61180 | Vaults:4 | Found a portal to a secret trove of treasure.
 61189 | Vaults:4 | Found Geagrass's Weapon Shoppe.
 61193 | Vaults:4 | Found a flickering gateway to a bazaar.
 61204 | Bazaar   | Entered a bazaar
 61218 | Bazaar   | Found Jouhud's Distillery.
 61222 | Bazaar   | Found Ramyfruv's Assorted Antiques.
 61222 | Bazaar   | Found Bavvuzas's Assorted Antiques.
 61223 | Bazaar   | Found Topug's Armour Boutique.
 61233 | Bazaar   | Bought a scroll labelled OGUFEA TUIHA for 25 gold pieces
 61256 | Bazaar   | Bought the +4 scale mail "Ymi Qus" {rN+ Regen+ Dex-2} for
                  | 372 gold pieces
 61273 | Bazaar   | Bought a potion of haste for 120 gold pieces
 61273 | Bazaar   | Bought a potion of haste for 120 gold pieces
 61273 | Bazaar   | Bought a potion of haste for 120 gold pieces
 61273 | Bazaar   | Bought a potion of brilliance for 48 gold pieces
 61324 | Vaults:4 | Bought a bloodstained scale mail for 279 gold pieces
 61324 | Vaults:4 | Identified the +3 scale mail of Words of Power {Harm rElec
                  | Will+ Str+5} (You bought it in a shop on level 4 of the
                  | Vaults)
 61575 | Vaults:4 | Found Ycael's Assorted Antiques.
 61810 | Vaults:4 | Found Fonuemah's Weapon Boutique.
 63147 | Elf:1    | Entered Level 1 of the Elven Halls
 63356 | Elf:1    | Found Mitsiosh's Jewellery Shop.
 63631 | Elf:1    | Noticed Frances
 63635 | Elf:1    | Killed Frances
 63726 | Elf:1    | Found Qattor's Armour Shoppe.
 63752 | Elf:1    | Found Sishre Utix's Magic Scroll Boutique.
 63795 | Elf:1    | Bought a scroll of acquirement for 728 gold pieces
 63795 | Elf:1    | Acquired 1053 gold pieces
 63916 | Elf:1    | Found Qeyraext's Book Emporium.
 64176 | Elf:1    | Noticed Donald
 64178 | Elf:1    | Reached XP level 21. HP: 120/120 MP: 36/43
 64180 | Elf:1    | Killed Donald
 64270 | Elf:1    | Found Couweloi's Assorted Antiques.
 64278 | Elf:1    | Bought a wand of acid (11) for 224 gold pieces
 64278 | Elf:1    | Bought a scroll of summoning for 266 gold pieces
 64539 | Elf:2    | Found a huge runed translucent gate.
 64539 | Elf:2    | Found a huge runed translucent gate.
 64540 | Elf:2    | Found a huge runed translucent gate.
 64562 | Elf:2    | Found a huge runed translucent gate.
 64565 | Elf:2    | Found a huge runed translucent gate.
 65901 | Elf:3    | Entered Level 3 of the Elven Halls
 66690 | Elf:3    | Reached skill level 5 in Stealth
 66963 | Elf:3    | Identified the +0 buckler "Cirphaa Gant" {rElec rN+}
 66967 | Elf:3    | Identified the amulet of Zonlil {rN++ Regen+ Dex-2}
 68097 | Elf:3    | Identified the ring "Wosaol" {+Inv rC+ MP+9}
 68135 | Elf:3    | Identified the Handbook of the Poisonous Birds
 68141 | Elf:3    | Identified the Volume of Aerial Companions
 68147 | Elf:3    | Identified the +3 ring mail of Forking Paths {+Inv rPois
                  | Will++ Str-5} (You found it on level 3 of the Elven Halls)
 68181 | Elf:3    | Identified the +0 chain mail of Cowardice {*Contam rF+
                  | Str+2 Dex+2} (You found it on level 3 of the Elven Halls)
 68577 | Depths:1 | Entered Level 1 of the Depths
 68629 | Depths:1 | Reached XP level 22. HP: 125/125 MP: 43/44
 69294 | Depths:1 | Found a white marble altar of Elyvilon.
 69294 | Depths:1 | Found a glowing silver altar of Zin.
 69294 | Depths:1 | Found a glowing golden altar of the Shining One.
 69463 | Depths:1 | Found a one-way gate leading to the halls of Pandemonium.
 69533 | Depths:1 | Found Vyshiuh's Jewellery Emporium.
 69795 | Depths:1 | Found a gateway to Hell.
 70279 | Depths:1 | Found a one-way gate to the infinite horrors of the Abyss.
 70501 | Depths:2 | Found Zopek's Assorted Antiques.
 70501 | Depths:2 | Found Ungukic's Weapon Shop.
 70536 | Depths:2 | Found Rosmeimp's General Store.
 70538 | Depths:2 | Found Riacyxeh's Armour Shop.
 70604 | Depths:2 | Found a magical portal.
 70613 | WizLab   | Entered Wucad Mu's Monastery
 71070 | WizLab   | Found the +9 staff of Wucad Mu {channel}
 71206 | WizLab   | Reached XP level 23. HP: 129/129 MP: 45/45
 71311 | WizLab   | Upgraded the game from 0.27-a0-155-g177a798329 to
                  | 0.27-a0-170-g607d9e9d85
 71323 | Depths:2 | Identified the cursed +0 chain mail of Philately {rF+
                  | Dex+5} (You found it on level 2 of the Depths)
 73312 | Vaults:4 | Bought a scroll of enchant armour for 232 gold pieces
 73327 | Vaults:4 | You paid a toll of +4 ice dragon scales to enter a treasure
                  | trove
 73328 | Trove    | Entered a treasure trove
 73334 | Trove    | Found the +7 mace of Variability {chain chaos}
 73338 | Trove    | Got a twitching brass amulet
 73339 | Trove    | Identified the amulet "Irobeujy" {Acrobat *Drain Str+3
                  | Dex+4} (You found it in a treasure trove)
 73354 | Trove    | Identified the +8 scimitar of Glamorous Honour {drain,
                  | *Rage +Blink Will+ SInv} (You found it in a treasure trove)
 73636 | Depths:2 | Learned a level 8 spell: Lehudib's Crystal Spear
 73986 | Depths:3 | Found Waiffip's Distillery.
 74071 | Depths:3 | Bought a potion of heal wounds for 105 gold pieces
 74071 | Depths:3 | Bought a potion of magic for 168 gold pieces
 74156 | Depths:3 | You fall into a shaft and drop 1 floor!
 74281 | Depths:4 | Noticed a juggernaut
 74285 | Depths:4 | Killed a juggernaut
 74286 | Depths:4 | Reached XP level 24. HP: 102/135 MP: 12/46
 74552 | Depths:4 | Got a sparkling granite ring
 74553 | Depths:4 | Identified the ring "Vattiuv" {Fire +Inv rElec Str+2
                  | Stlth-} (You found it on level 4 of the Depths)
 74563 | Depths:4 | Identified the Catalogue of Lethal Darkness
 75718 | Depths:3 | Identified the +1 scale mail "Deicwior" {+Blink +Inv rElec
                  | Str-4} (You found it on level 3 of the Depths)
 76342 | Depths:3 | Lost mutation: Your body sometimes deteriorates upon taking
                  | damage. [potion of mutation]
 76342 | Depths:3 | Gained mutation: You are agile. (Dex +2) [potion of
                  | mutation]
 76342 | Depths:3 | Gained mutation: Your body sometimes deteriorates upon
                  | taking damage. [potion of mutation]
 76342 | Depths:3 | Gained mutation: You are covered in fur. (AC +1) [potion of
                  | mutation]
 76359 | Depths:3 | Found a runed translucent door.
 76359 | Depths:3 | Found a runed translucent door.
 76412 | Depths:3 | Found a runed translucent door.
 76460 | Depths:3 | Found a runed translucent door.
 76512 | Depths:3 | Identified the +6 mace of Ubemoawno {freeze, +Blink} (You
                  | found it on level 3 of the Depths)
 77053 | Depths:4 | Noticed Xtahua
 77170 | Depths:4 | Reached skill level 10 in Fire Magic
 77405 | Depths:4 | Killed Xtahua
 77553 | Depths:4 | Noticed a juggernaut
 77557 | Depths:4 | Killed a juggernaut
 77754 | Depths:4 | Reached XP level 25. HP: 140/140 MP: 30/48
 78140 | Depths:4 | Found a runed translucent door.
 78292 | Depths:4 | Found a runed translucent door.
 79235 | Depths:4 | Found the amulet of the Air {Inacc +Fly rElec EV+5 RMsl}
 79238 | Depths:4 | Identified the Compendium of the Creative Compass
 79737 | Depths:5 | Entered Level 5 of the Depths
 80895 | Depths:5 | Found Omejusk's Distillery.
 80903 | Depths:5 | Bought a potion of heal wounds for 65 gold pieces
 81137 | Depths:5 | Found a gate to the Realm of Zot.
 81419 | Depths:5 | Found a gateway to a ziggurat.
 82030 | Crypt:1  | Entered Level 1 of the Crypt
 82468 | Crypt:1  | Identified the +10 chain mail of Blue Skies {rC+ Str+4}
                  | (You found it on level 1 of the Crypt)
 84209 | Crypt:3  | Entered Level 3 of the Crypt
 84242 | Crypt:3  | Reached XP level 26. HP: 147/147 MP: 50/50
 84243 | Crypt:3  | Reached skill level 10 in Fighting
 84258 | Crypt:3  | Found an ancient bone altar of Kikubaaqudgha.
 84837 | Crypt:3  | Identified the +1 morningstar of Action {drain, rElec
                  | Stlth+} (You found it on level 3 of the Crypt)
 85149 | Crypt:3  | Identified the cursed +2 rapier "Puthaid" {venom, Dex+2}
 85326 | Crypt:3  | Found a staircase to the Tomb.
 85469 | Crypt:3  | Identified the ring of Xaote {rPois rCorr Int+4 Stlth+}
                  | (You found it on level 3 of the Crypt)
 86059 | Vaults:4 | Identified the +8 chain mail "Damnable Contraption" {+Fly
                  | rC+++ MP-9 SInv} (You found it on level 4 of the Vaults)
 86070 | Vaults:4 | Learned a level 8 spell: Ignition
 86081 | Vaults:4 | Learned a level 9 spell: Fire Storm
 86094 | Vaults:5 | Entered Level 5 of the Vaults
 86106 | Vaults:5 | Paralysed by a sphinx for 3 turns
 86113 | Vaults:5 | Reached skill level 10 in Shields
 86308 | Vaults:5 | Reached skill level 15 in Fire Magic
 86433 | Vaults:5 | Reached XP level 27. HP: 156/156 MP: 49/51
 86669 | Vaults:5 | Identified the cursed +0 great sword of Earthquakes {speed,
                  | +Blink Stlth+}
 87413 | Vaults:5 | Identified Ogeziytu's Handbook of Orientation
 87584 | Vaults:5 | Identified the ring "Rixomyl" {*Contam rF+ rC- MP+9 Int+7}
                  | (You found it on level 5 of the Vaults)
 87783 | Vaults:5 | Found Roxaepey's Book Shoppe.
 87793 | Vaults:5 | Got a silver rune of Zot
 88059 | Vaults:4 | Bought the +10 short sword of Dust {vamp, +Fly rF+ Str+3
                  | Int-2} for 1466 gold pieces
 88344 | Depths:1 | Bought the ring "Giyxugeh" {rElec rF+ Slay+4} for 1980 gold
                  | pieces
 88590 | Slime:1  | Entered Level 1 of the Pits of Slime
 88843 | Slime:2  | Noticed Dissolution
 88845 | Slime:2  | Killed Dissolution
 89083 | Slime:5  | Entered Level 5 of the Pits of Slime
 89700 | Slime:5  | Noticed the Royal Jelly
 89810 | Slime:5  | Found a viscous altar of Jiyva.
 89911 | Slime:5  | Got a wavering lead ring
 89912 | Slime:5  | Identified the ring of Jexep {*Tele rPois Str+2 Int+4
                  | Stlth-} (You found it on level 5 of the Pits of Slime)
 89919 | Slime:5  | Identified the +0 scale mail "Feurreisk" {Stlth+} (You
                  | found it on level 5 of the Pits of Slime)
 89921 | Slime:5  | Identified the +10 flail of the Dancing Gnat {flame, rN+
                  | Dex+4} (You found it on level 5 of the Pits of Slime)
 89944 | Slime:5  | Identified the +8 war axe of the Desolation of Salt {drain,
                  | rC+ Int+5} (You found it on level 5 of the Pits of Slime)
 89951 | Slime:5  | Got a vibrating granite ring
 89952 | Slime:5  | Identified the ring "Pifomiw" {rPois rC- Will+ Str+3 Int+4}
                  | (You found it on level 5 of the Pits of Slime)
 89986 | Slime:5  | Got a shimmering ruby amulet
 89994 | Slime:5  | Identified the amulet "Hocveose" {Spirit Will+ Str+3} (You
                  | found it on level 5 of the Pits of Slime)
 90002 | Slime:5  | Got a slimy rune of Zot
 90029 | Slime:5  | Identified the +2 leather armour of Classification {Will+
                  | Int+3 Dex-2} (You found it on level 5 of the Pits of Slime)
 90605 | Zig:1    | Entered Level 1 of a ziggurat
 90635 | Zig:2    | Entered Level 2 of a ziggurat
 90705 | Zig:3    | Entered Level 3 of a ziggurat
 90753 | Zig:4    | Entered Level 4 of a ziggurat
 90808 | Zig:5    | Entered Level 5 of a ziggurat
 90891 | Zig:6    | Entered Level 6 of a ziggurat
 90977 | Zig:7    | Entered Level 7 of a ziggurat
 91062 | Zig:8    | Entered Level 8 of a ziggurat
 91069 | Zig:8    | Reached skill level 10 in Armour
 91089 | Zig:8    | Identified the ring of Recklessness {rF+ Will+} (You found
                  | it on level 8 of a ziggurat)
 91114 | Zig:9    | Entered Level 9 of a ziggurat
 91139 | Zig:9    | Identified the +7 rapier of the Ecumenical Temple {vorpal,
                  | Int+3 SInv} (You found it on level 9 of a ziggurat)
 91141 | Zig:9    | Identified the +3 hand axe "Demonbane" {protect, rElec
                  | Will+ MP+9 Dex-5 Stlth+} (You found it on level 9 of a
                  | ziggurat)
 91168 | Zig:9    | Identified the +4 spear of Fasaig {drain, Str+2 SInv} (You
                  | found it on level 9 of a ziggurat)
 91180 | Zig:10   | Entered Level 10 of a ziggurat
 91346 | Zig:11   | Entered Level 11 of a ziggurat
 91368 | Zig:11   | Noticed an ancient lich
 91370 | Zig:11   | Killed an ancient lich
 91389 | Zig:11   | Identified the Catalogue of Vitriolic Companions
 91444 | Zig:11   | Identified the +10 chain mail "Soniywushing" {Rampage rC+}
                  | (You found it on level 11 of a ziggurat)
 91449 | Zig:12   | Entered Level 12 of a ziggurat
 91620 | Zig:12   | Found the +7 great mace "Undeadhunter" {disrupt, rN+}
 91744 | Zig:13   | Entered Level 13 of a ziggurat
 91773 | Zig:13   | Identified Keurie's Grimoire of Bewitchment and
                  | Confrontation
 91839 | Zig:14   | Entered Level 14 of a ziggurat
 91854 | Zig:14   | Gained mutation: You are frail. (-10% HP) [a shining eye]
 91859 | Zig:14   | Reached skill level 15 in Fighting
 91869 | Zig:14   | Lost mutation: You are frail. (-10% HP) [potion of
                  | mutation]
 91869 | Zig:14   | Lost mutation: You are covered in fur. (AC +1) [potion of
                  | mutation]
 91869 | Zig:14   | Lost mutation: Your body sometimes deteriorates upon taking
                  | damage. [potion of mutation]
 91869 | Zig:14   | Gained mutation: You are resistant to electric shocks.
                  | (rElec) [potion of mutation]
 91869 | Zig:14   | Gained mutation: You evolve. [potion of mutation]
 91881 | Zig:14   | Identified the ring of Makhleb's Favour {rN+ Stlth+} (You
                  | found it on level 14 of a ziggurat)
 92008 | Zig:15   | Entered Level 15 of a ziggurat
 92030 | Zig:15   | Reached skill level 1 in Axes
 92112 | Zig:15   | Identified the cursed +0 short sword of Qoocacia {vorpal,
                  | *Drain MP+9 Int+3} (You found it on level 15 of a ziggurat)
 92117 | Zig:15   | Identified Sif Muna's Compendium of Poisonous Stones
 92159 | Zig:16   | Entered Level 16 of a ziggurat
 92219 | Zig:16   | Identified the +5 ring mail of Dogmatism {rElec Int+7} (You
                  | found it on level 16 of a ziggurat)
 92317 | Zig:17   | Entered Level 17 of a ziggurat
 92365 | Zig:17   | Identified the cursed +1 war axe of Gallantry {chaos,
                  | +Blink Str+2} (You found it on level 17 of a ziggurat)
 92366 | Zig:17   | Identified the Compendium of Snow and Bewitchment
 92410 | Zig:18   | Entered Level 18 of a ziggurat
 92476 | Zig:18   | Got a heavily runed jade amulet
 92489 | Zig:18   | Identified the amulet "Iwkiown" {Acrobat rC+ rN+} (You
                  | found it on level 18 of a ziggurat)
 92491 | Zig:18   | Identified the +6 rapier "Ymmas" {vorpal, SInv} (You found
                  | it on level 18 of a ziggurat)
 92495 | Zig:18   | Identified the cursed +1 war axe "Jellyslayer" {vorpal,
                  | Stlth+} (You found it on level 18 of a ziggurat)
 92588 | Zig:19   | Entered Level 19 of a ziggurat
 92612 | Zig:19   | Noticed Ewkoesiewk the pandemonium lord
 92615 | Zig:19   | Killed Ewkoesiewk the pandemonium lord
 92659 | Zig:19   | Identified the amulet "Afogilum" {Inacc +Inv rElec} (You
                  | found it on level 19 of a ziggurat)
 92665 | Zig:19   | Identified the ring "Cizuhesyovu" {rElec rPois rC- Will+
                  | Dex-2} (You found it on level 19 of a ziggurat)
 92730 | Zig:20   | Entered Level 20 of a ziggurat
 92756 | Zig:20   | Noticed Vokliam the pandemonium lord
 92764 | Zig:20   | Reached skill level 10 in Necromancy
 92770 | Zig:20   | HP: 4/170 [gelid blood saint/fireball (12)]
 92773 | Zig:21   | Entered Level 21 of a ziggurat
 92868 | Zig:21   | Reached skill level 15 in Shields
 92889 | Zig:21   | Reached skill level 15 in Dodging
 92918 | Zig:21   | Identified the Catalogue of Sinister Secrets
 92923 | Zig:21   | Identified the Collected Works on Hurtful Glamour
 92928 | Zig:21   | Got a twitching silver ring
 92952 | Zig:21   | Got a steaming iron ring
 93030 | Zig:21   | Got a bloodstained robe
 93041 | Zig:21   | Identified the +2 robe "Veckyopi" {*Corrode Dex+4} (You
                  | found it on level 21 of a ziggurat)
 93059 | Zig:21   | Got a slimy rapier
 93060 | Zig:21   | Identified the +6 rapier of Zoupo {elec, rF+} (You found it
                  | on level 21 of a ziggurat)
 93077 | Zig:21   | Upgraded the game from 0.27-a0-170-g607d9e9d85 to
                  | 0.27-a0-200-g8ba017916c
 93085 | Zig:22   | Entered Level 22 of a ziggurat
 93103 | Zig:22   | Noticed an orb of fire
 93104 | Zig:22   | Noticed an orb of fire
 93104 | Zig:22   | Noticed an orb of fire
 93104 | Zig:22   | Noticed an orb of fire
 93104 | Zig:22   | Noticed an orb of fire
 93105 | Zig:22   | Noticed an orb of fire
 93105 | Zig:22   | Noticed an orb of fire
 93108 | Zig:23   | Entered Level 23 of a ziggurat
 93167 | Zig:23   | Noticed a dread lich
 93171 | Zig:23   | Killed a dread lich
 93175 | Zig:23   | Noticed an ancient lich
 93177 | Zig:23   | Killed an ancient lich
 93187 | Zig:23   | Paralysed by a vampire knight for 2 turns
 93188 | Zig:23   | Reached skill level 10 in Stealth
 93188 | Zig:23   | Noticed a dread lich
 93190 | Zig:23   | Killed a dread lich
 93350 | Zig:23   | Identified the ring "Mer Muz" {rC+ Str+7 Int+6} (You found
                  | it on level 21 of a ziggurat)
 93353 | Zig:23   | Identified the ring "Fuc Ycem" {Will+ Int+4 Stlth-} (You
                  | found it on level 21 of a ziggurat)
 93359 | Zig:23   | Got a bound silver ring
 93360 | Zig:23   | Identified the ring of Juen {rF+ Int+3} (You found it on
                  | level 23 of a ziggurat)
 93366 | Zig:23   | Got a vibrating sapphire amulet
 93377 | Zig:23   | Identified the amulet "Raxabuat" {Spirit Int+4 Dex+4} (You
                  | found it on level 23 of a ziggurat)
 93392 | Zig:23   | Got a brightly glowing long sword
 93393 | Zig:23   | Identified the +11 long sword of Ampugam {freeze, +Inv
                  | rElec Str+4} (You found it on level 23 of a ziggurat)
 93399 | Zig:23   | Got a glittering steel ring
 93400 | Zig:23   | Identified the ring of Xenkonk {Wiz rF+} (You found it on
                  | level 23 of a ziggurat)
 93428 | Zig:23   | Got a crude rapier
 93429 | Zig:23   | Identified the +6 rapier of Risk Management {vorpal, *Noise
                  | rPois Will++ Str+4 Int+3} (You found it on level 23 of a
                  | ziggurat)
 93466 | Zig:24   | Entered Level 24 of a ziggurat
 93671 | Zig:24   | Identified the Tome of the Glacial Blaze
 93698 | Zig:24   | Got a dazzling dagger
 93699 | Zig:24   | Identified the +4 dagger "Yqix" {elec, Int+3} (You found it
                  | on level 24 of a ziggurat)
 93709 | Zig:24   | Got a polished long sword
 93710 | Zig:24   | Identified the +8 long sword "Poalano" {vorpal, Stlth+}
                  | (You found it on level 24 of a ziggurat)
 93714 | Zig:24   | Got a smoking iron ring
 93716 | Zig:24   | Identified the ring "Akhly Bam" {*Tele rF+} (You found it
                  | on level 24 of a ziggurat)
 93720 | Zig:24   | Got a fine scale mail
 93731 | Zig:24   | Identified the +2 scale mail of Fioth {Will+ Int+2} (You
                  | found it on level 24 of a ziggurat)
 93743 | Zig:24   | Got a shimmering robe
 93754 | Zig:24   | Identified the +1 robe "Buosion" {rF+} (You found it on
                  | level 24 of a ziggurat)
 93767 | Zig:24   | Got a pitted mace
 93768 | Zig:24   | Identified the +4 mace "Susyid" {holy, Str+6} (You found it
                  | on level 24 of a ziggurat)
 93782 | Zig:24   | Got a faintly glowing crystal amulet
 93793 | Zig:24   | Identified the amulet "Bemuna" {Regen+ Stlth+} (You found
                  | it on level 24 of a ziggurat)
 93828 | Zig:25   | Entered Level 25 of a ziggurat
 93859 | Zig:25   | Reached skill level 5 in Transmutations
 93990 | Zig:25   | Identified Ihyostez's Tome of Earth and Creation
 94020 | Zig:25   | Got a clouded emerald amulet
 94031 | Zig:25   | Identified the amulet of the Final Decision {Faith *Slow
                  | rElec rN+ Will+} (You found it on level 25 of a ziggurat)
 94054 | Zig:25   | Got a polished scale mail
 94065 | Zig:25   | Identified the +4 scale mail of Negligence {-Cast Str+3
                  | Dex+2} (You found it on level 25 of a ziggurat)
 94078 | Zig:25   | Got a translucent spear
 94079 | Zig:25   | Identified the cursed +1 spear of Ruwum {vorpal, rElec rF-
                  | SInv} (You found it on level 25 of a ziggurat)
 94084 | Zig:25   | Got a crude ring mail
 94095 | Zig:25   | Identified the +4 ring mail of Afafry {Int+7} (You found it
                  | on level 25 of a ziggurat)
 94132 | Zig:26   | Entered Level 26 of a ziggurat
 94289 | Zig:26   | Got a flickering bronze ring
 94291 | Zig:26   | Identified the ring of Amelioration {rElec rC+ MP+9} (You
                  | found it on level 26 of a ziggurat)
 94295 | Zig:26   | Got a transparent garnet amulet
 94306 | Zig:26   | Identified the amulet "Kimasuod" {Faith Will+} (You found
                  | it on level 26 of a ziggurat)
 94322 | Zig:26   | Got a spiked scale mail
 94334 | Zig:26   | Identified the +5 scale mail "Giwkenuu" {rElec Int-3 Dex+4
                  | SInv} (You found it on level 26 of a ziggurat)
 94375 | Zig:27   | Entered Level 27 of a ziggurat
 94404 | Zig:27   | Reached skill level 10 in Transmutations
 94436 | Zig:27   | Found the +7 pair of quick blades "Gyre" and "Gimble"
                  | {protect}
 94460 | Zig:27   | Identified the Collected Works on Feathers and Shape
                  | Shifting
 94462 | Zig:27   | Identified Sif Muna's Disquisition on Execration
 94482 | Zig:27   | Identified the cursed +0 ring mail of the Garden {Str+4
                  | Int+5} (You found it on level 27 of a ziggurat)
 94492 | Zig:27   | Identified Medusirph's Incunabulum of Torrid Cold
 94512 | Zig:1    | Entered Level 1 of a ziggurat
 94565 | Zig:2    | Entered Level 2 of a ziggurat
 94580 | Zig:2    | Identified the +8 war axe of Gin and Tonic {drain, *Corrode
                  | rPois Str+5} (You found it on level 2 of a ziggurat)
 94584 | Zig:3    | Entered Level 3 of a ziggurat
 94587 | Zig:3    | Noticed an ancient lich
 94590 | Zig:3    | Killed an ancient lich
 94600 | Zig:3    | Learned a level 8 spell: Necromutation
 94611 | Zig:3    | Learned a level 8 spell: Infestation
 94623 | Zig:4    | Entered Level 4 of a ziggurat
 94652 | Zig:4    | Got a masterwork falchion
 94655 | Zig:4    | Identified the +6 falchion "Seykham" {freeze, +Blink rF+}
                  | (You found it on level 4 of a ziggurat)
 94664 | Zig:5    | Entered Level 5 of a ziggurat
 94705 | Zig:5    | Identified the +1 plate armour "Jetedeu" {Int+2 SInv} (You
                  | found it on level 5 of a ziggurat)
 94711 | Zig:6    | Entered Level 6 of a ziggurat
 94768 | Zig:7    | Entered Level 7 of a ziggurat
 94775 | Zig:7    | Noticed a juggernaut
 94777 | Zig:7    | Killed a juggernaut
 94823 | Zig:8    | Entered Level 8 of a ziggurat
 94829 | Zig:8    | Noticed an ancient lich
 94829 | Zig:8    | Noticed an ancient lich
 94829 | Zig:8    | Noticed an ancient lich
 94829 | Zig:8    | Noticed an ancient lich
 94830 | Zig:8    | Noticed a dread lich
 94831 | Zig:8    | Killed an ancient lich
 94831 | Zig:8    | Killed an ancient lich
 94832 | Zig:8    | Killed an ancient lich
 94832 | Zig:8    | Killed an ancient lich
 94832 | Zig:8    | Killed a dread lich
 94842 | Zig:8    | Identified the Almanac of the Floating Snowflakes
 94858 | Zig:8    | Got an encrusted morningstar
 94859 | Zig:8    | Identified the +7 morningstar "Otzy" {flame, rC+ Str+2}
                  | (You found it on level 8 of a ziggurat)
 94877 | Zig:9    | Entered Level 9 of a ziggurat
 94961 | Zig:9    | Identified the ring "Cyschi Katuu" {rPois rN+ Will+ Str+4
                  | Int-2} (You found it on level 9 of a ziggurat)
 94963 | Zig:9    | Identified the cursed ring of the Imp {rPois EV-4} (You
                  | found it on level 9 of a ziggurat)
 94972 | Zig:10   | Entered Level 10 of a ziggurat
 94978 | Zig:10   | Noticed a dread lich
 94979 | Zig:10   | Noticed a dread lich
 94979 | Zig:10   | Noticed an ancient lich
 94981 | Zig:10   | Killed a dread lich
 94981 | Zig:10   | Killed a dread lich
 94981 | Zig:10   | Noticed a dread lich
 94982 | Zig:10   | Reached skill level 27 in Spellcasting
 94982 | Zig:10   | Killed an ancient lich
 94984 | Zig:10   | Found the ring of the Octopus King
 94985 | Zig:10   | Killed a dread lich
 95007 | Zig:10   | Got a ring of the Octopus King
 95009 | Zig:10   | Identified a ring of the Octopus King {AC+1 EV+1 Str+1
                  | Int+1 Dex+1 Stlth+} (You found it on level 10 of a
                  | ziggurat)
 95023 | Zig:10   | Identified the +1 robe of Ehil {Slay+3} (You found it on
                  | level 10 of a ziggurat)
 95033 | Zig:10   | Identified the cursed +0 dagger "Cufugg" {venom, Int+6}
                  | (You found it on level 10 of a ziggurat)
 95045 | Zig:10   | Gained mutation: You are very agile. (Dex +4) [evolution]
 95045 | Zig:10   | Lost mutation: You evolve. [end of evolution]
 95053 | Zig:11   | Entered Level 11 of a ziggurat
 95075 | Zig:11   | Found the cursed necklace of Bloodlust {*Rage +Rage Will++
                  | Int-3 Slay+6 *Curse}
 95086 | Zig:11   | Reached skill level 15 in Necromancy
 95093 | Zig:11   | Identified the amulet "Xeth" {Regen+ Int+2} (You found it
                  | on level 11 of a ziggurat)
 95099 | Zig:11   | Identified the +6 hand axe "Aroab" {vorpal, Int+2} (You
                  | found it on level 11 of a ziggurat)
 95110 | Zig:12   | Entered Level 12 of a ziggurat
 95143 | Zig:12   | Identified the Compendium of Toxic Enchantment
 95207 | Zig:13   | Entered Level 13 of a ziggurat
 95350 | Zig:13   | Found the +3 Elemental Staff {rElec rF++ rC++ Will++ AC+5}
 95380 | Zig:13   | Got a shimmering tin ring
 95382 | Zig:13   | Identified the ring of the Albatross {Ice rN+} (You found
                  | it on level 13 of a ziggurat)
 95426 | Zig:14   | Entered Level 14 of a ziggurat
 95534 | Zig:14   | Identified the +2 chain mail "Hutesuing" {rElec} (You found
                  | it on level 14 of a ziggurat)
 95543 | Zig:14   | Identified the +1 leather armour "Fomeops" {Harm +Blink
                  | rElec rF-} (You found it on level 14 of a ziggurat)
 95593 | Zig:15   | Entered Level 15 of a ziggurat
 95605 | Zig:15   | Noticed Zoizodu the pandemonium lord
 95608 | Zig:15   | Killed Zoizodu the pandemonium lord
 95609 | Zig:15   | Reached skill level 15 in Transmutations
 95612 | Zig:15   | Noticed Sumialo the pandemonium lord
 95612 | Zig:15   | Noticed Isoamiacot the pandemonium lord
 95614 | Zig:15   | Killed Isoamiacot the pandemonium lord
 95619 | Zig:15   | Killed Sumialo the pandemonium lord
 95680 | Zig:15   | Found the +7 Spriggan's Knife {stab, EV+4 Stlth+}
 95686 | Zig:15   | Identified the Volume of Evil Shape Shifting
 95695 | Zig:15   | Identified the cursed +0 tower shield of Oblivion {Rampage
                  | rElec Regen+ Dex-3} (You found it on level 15 of a
                  | ziggurat)
 95704 | Zig:15   | Identified the ring "Viuczudgh" {rC+ EV+4} (You found it on
                  | level 15 of a ziggurat)
 95714 | Zig:16   | Entered Level 16 of a ziggurat
 95757 | Zig:16   | Identified the amulet "Azunwawesm" {Reflect rElec Str+6
                  | Int+4 SH+5} (You found it on level 16 of a ziggurat)
 95763 | Zig:16   | Identified the ring of Ollafalo {+Blink rPois rN+ Dex+2
                  | Stlth+} (You found it on level 16 of a ziggurat)
 95785 | Zig:17   | Entered Level 17 of a ziggurat
 95850 | Zig:17   | Learned a level 9 spell: Tornado
 95861 | Zig:17   | Identified the ring of Cidghez {rPois rC+} (You found it on
                  | level 17 of a ziggurat)
 95864 | Zig:17   | Identified the +8 chain mail "Tiapse" {rF- Regen+ Int+4
                  | Dex+3} (You found it on level 17 of a ziggurat)
 95872 | Zig:18   | Entered Level 18 of a ziggurat
 95912 | Zig:18   | Reached skill level 27 in Fire Magic
 95914 | Zig:18   | Noticed Usieh the pandemonium lord
 95917 | Zig:18   | Killed Usieh the pandemonium lord
 96149 | Zig:19   | Entered Level 19 of a ziggurat
 96174 | Zig:19   | Reached skill level 15 in Armour
 96211 | Zig:19   | Identified the amulet "Gavadwof" {RegenMP rF+ Str+4} (You
                  | found it on level 19 of a ziggurat)
 96296 | Zig:19   | Reached skill level 1 in Air Magic
 96305 | Zig:20   | Entered Level 20 of a ziggurat
 96324 | Zig:20   | Noticed Risyek the pandemonium lord
 96334 | Zig:20   | Killed Risyek the pandemonium lord
 96376 | Zig:20   | Found the amulet of Vitality {Regen+ HP+15}
 96377 | Zig:20   | Found the +8 Wrath of Trog {antimagic, *Rage}
 96430 | Zig:20   | Identified the +3 ring mail of Sloth {rCorr} (You found it
                  | on level 20 of a ziggurat)
 96466 | Zig:21   | Entered Level 21 of a ziggurat
 96508 | Zig:21   | Found the +4 dagger "Morg" {pain, Will+ Int+5}
 96532 | Zig:21   | Identified Sif Muna's Volume of Earthen Battle Magic
 96558 | Zig:21   | Identified the amulet "Gaicoceo" {Reflect rElec rPois Will+
                  | SH+5} (You found it on level 21 of a ziggurat)
 96569 | Zig:22   | Entered Level 22 of a ziggurat
 96673 | Zig:22   | Identified the ring "Haodol" {rPois Int+3 Dex+2} (You found
                  | it on level 22 of a ziggurat)
 96676 | Zig:22   | Got a shimmering robe
 96688 | Zig:22   | Identified the +2 robe of the Heavens {rElec Int-2 SInv}
                  | (You found it on level 22 of a ziggurat)
 96707 | Zig:22   | Reached skill level 5 in Staves
 96708 | Zig:22   | Identified Babbuguh's Collected Works on the Entourage and
                  | Beguiling
 96735 | Zig:23   | Entered Level 23 of a ziggurat
 96755 | Zig:23   | Noticed an orb of fire
 96755 | Zig:23   | Gained mutation: Your body sometimes deteriorates upon
                  | taking damage. [an orb of fire]
 96760 | Zig:23   | Noticed an orb of fire
 96760 | Zig:23   | Noticed an orb of fire
 96760 | Zig:23   | Noticed an orb of fire
 96760 | Zig:23   | Noticed an orb of fire
 96761 | Zig:23   | Noticed an orb of fire
 96761 | Zig:23   | Noticed an orb of fire
 96764 | Zig:24   | Entered Level 24 of a ziggurat
 96814 | Zig:24   | Reached skill level 27 in Conjurations
 96838 | Zig:24   | Found the +8 mithril axe "Arga" {speed, Will+}
 96889 | Zig:24   | Identified the cursed +1 chain mail of the Earth {rN+} (You
                  | found it on level 24 of a ziggurat)
 96925 | Zig:25   | Entered Level 25 of a ziggurat
 96941 | Zig:25   | Noticed an ancient lich
 96942 | Zig:25   | Noticed an ancient lich
 96945 | Zig:25   | Killed an ancient lich
 96945 | Zig:25   | Killed an ancient lich
 96946 | Zig:25   | Noticed a dread lich
 96947 | Zig:25   | Killed a dread lich
 96948 | Zig:25   | Noticed a dread lich
 96949 | Zig:25   | Noticed a dread lich
 96950 | Zig:25   | Killed a dread lich
 96950 | Zig:25   | Noticed an ancient lich
 96951 | Zig:25   | Killed a dread lich
 96952 | Zig:25   | Killed an ancient lich
 96953 | Zig:25   | Noticed an ancient lich
 96954 | Zig:25   | Noticed a dread lich
 96955 | Zig:25   | Killed an ancient lich
 96956 | Zig:25   | Killed a dread lich
 96985 | Zig:25   | Found the +8 demon blade "Leech" {vamp, *Rage +Rage rN+}
 96996 | Zig:25   | Got a transparent turquoise ring
 97002 | Zig:25   | Identified the cursed ring "Zamyh" {*Slow Str+3 Dex-4
                  | Slay+3 Stlth+} (You found it on level 25 of a ziggurat)
 97018 | Zig:25   | Got a translucent ring mail
 97030 | Zig:25   | Identified the +0 ring mail of Darkness {rN+} (You found it
                  | on level 25 of a ziggurat)
 97051 | Zig:25   | Identified An Introduction to Magic
 97064 | Zig:26   | Entered Level 26 of a ziggurat
 97101 | Zig:26   | Reached skill level 5 in Air Magic
 97117 | Zig:26   | Found the +10 morningstar "Eos" {elec, Halo rElec}
 97194 | Zig:26   | Got a warped turquoise ring
 97196 | Zig:26   | Identified the ring "Foreep" {rC+ Will+ Int+6} (You found
                  | it on level 26 of a ziggurat)
 97206 | Zig:26   | Identified the Guide on the Rocks
 97210 | Zig:26   | Got a translucent ring mail
 97221 | Zig:26   | Identified the +1 ring mail of Action {rF+} (You found it
                  | on level 26 of a ziggurat)
 97280 | Zig:27   | Entered Level 27 of a ziggurat
 97330 | Zig:27   | Reached skill level 10 in Air Magic
 97339 | Zig:27   | Found the ring of the Tortoise {AC+8}
 97355 | Zig:27   | Identified the Volume of Venomous Evil Rituals
 97364 | Zig:27   | Got a sparkling bronze amulet
 97368 | Zig:27   | Identified the amulet of Xom's Sleight of Hands {Acrobat
                  | rPois rF+ rN+ Stlth-} (You found it on level 27 of a
                  | ziggurat)
 97379 | Zig:27   | Reached skill level 1 in Invocations
 97398 | Zig:27   | Identified the ring of Plog {rN+ MP+9} (You found it on
                  | level 27 of a ziggurat)
 97430 | Zig:1    | Entered Level 1 of a ziggurat
 97443 | Zig:1    | Identified the Reference Book on Earthen Dislocation
 97449 | Zig:1    | Acquired the +3 kite shield of the Accordion {rElec Regen+}
 97451 | Zig:1    | Acquired 966 gold pieces
 97523 | Zig:2    | Entered Level 2 of a ziggurat
 97563 | Zig:3    | Entered Level 3 of a ziggurat
 97600 | Zig:4    | Entered Level 4 of a ziggurat
 97651 | Zig:5    | Entered Level 5 of a ziggurat
 97769 | Zig:6    | Entered Level 6 of a ziggurat
 97796 | Zig:6    | Identified the ring of Buaxies {*Corrode +Blink rF+ rC+
                  | Stlth+} (You found it on level 6 of a ziggurat)
 97804 | Zig:6    | Identified the ring "Fuempem" {rPois Int+4 Dex-5 Stlth-}
                  | (You found it on level 6 of a ziggurat)
 97892 | Zig:7    | Entered Level 7 of a ziggurat
 97946 | Zig:7    | Found the ring of Shadows {Umbra +Inv Stlth+}
 97962 | Zig:8    | Entered Level 8 of a ziggurat
 98019 | Zig:9    | Entered Level 9 of a ziggurat
 98046 | Zig:9    | Identified the amulet "Niarph" {Inacc Str+2} (You found it
                  | on level 9 of a ziggurat)
 98055 | Zig:9    | Identified the ring of Wonder {Dex+2 Stlth+} (You found it
                  | on level 9 of a ziggurat)
 98059 | Zig:9    | Identified Dathro's Reference Book on Icy Heat
 98067 | Zig:10   | Entered Level 10 of a ziggurat
 98076 | Zig:10   | Reached skill level 15 in Stealth
 98085 | Zig:10   | Found the +3 pair of gauntlets of War {Slay+5}
 98099 | Zig:10   | Identified the Guide on Destructive Air
 98123 | Zig:11   | Entered Level 11 of a ziggurat
 98157 | Zig:11   | Identified the amulet "Ucleijuw" {Acrobat rC+ Will- Int+3
                  | Dex+5} (You found it on level 11 of a ziggurat)
 98170 | Zig:11   | Identified the +5 broad axe of False Hope {vorpal, rC+}
                  | (You found it on level 11 of a ziggurat)
 98179 | Zig:12   | Entered Level 12 of a ziggurat
 98201 | Zig:12   | Found the +3 hat of Pondering {ponderous, Will+ MP+10
                  | Int+5}
 98270 | Zig:12   | Lost mutation: You are resistant to electric shocks.
                  | (rElec) [potion of mutation]
 98270 | Zig:12   | Lost mutation: You are very agile. (Dex +4) [potion of
                  | mutation]
 98270 | Zig:12   | Lost mutation: You are agile. (Dex +2) [potion of mutation]
 98270 | Zig:12   | Gained mutation: Your flesh is cold resistant. (rC+)
                  | [potion of mutation]
 98270 | Zig:12   | Gained mutation: Your muscles are strong. (Str +2) [potion
                  | of mutation]
 98271 | Zig:12   | Lost mutation: Your muscles are strong. (Str +2) [potion of
                  | mutation]
 98271 | Zig:12   | Lost mutation: Your body sometimes deteriorates upon taking
                  | damage. [potion of mutation]
 98271 | Zig:12   | Gained mutation: You evolve. [potion of mutation]
 98271 | Zig:12   | Gained mutation: You are agile. (Dex +2) [potion of
                  | mutation]
 98275 | Zig:12   | Got a twitching amethyst amulet
 98276 | Zig:12   | Identified the amulet of Gahufy {Acrobat Str+6 Dex+4} (You
                  | found it on level 12 of a ziggurat)
 98308 | Zig:13   | Entered Level 13 of a ziggurat
 98327 | Zig:13   | Reached skill level 15 in Air Magic
 98349 | Zig:13   | Identified the Collected Works on Dusty Cold
 98364 | Zig:13   | Got a brightly glowing glass ring
 98365 | Zig:13   | Identified the ring of the Fool {Ice rElec Str+2 Int-4
                  | Dex+6} (You found it on level 13 of a ziggurat)
 98380 | Zig:14   | Entered Level 14 of a ziggurat
 98395 | Zig:14   | Noticed Kilan the pandemonium lord
 98397 | Zig:14   | Killed Kilan the pandemonium lord
 98405 | Zig:14   | Reached skill level 27 in Necromancy
 98513 | Zig:14   | Identified the Guide on the Entourage and Shape Shifting
 98520 | Zig:14   | Got a sparkling gossamer ring
 98524 | Zig:14   | Identified the +7 tower shield of Narcissism {rN+} (You
                  | found it on level 14 of a ziggurat)
 98525 | Zig:14   | Identified Sif Muna's Volume of Displaced Battle Magic
 98542 | Zig:14   | Identified the ring "Etocahe" {rF+ Int+3 Dex+4 SInv Stlth+}
                  | (You found it on level 14 of a ziggurat)
 98564 | Zig:15   | Entered Level 15 of a ziggurat
 98579 | Zig:15   | Noticed a dread lich
 98581 | Zig:15   | Killed a dread lich
 98583 | Zig:15   | Noticed an ancient lich
 98585 | Zig:15   | Killed an ancient lich
 98590 | Zig:15   | Noticed a dread lich
 98591 | Zig:15   | Noticed a dread lich
 98592 | Zig:15   | Killed a dread lich
 98592 | Zig:15   | Killed a dread lich
 98631 | Zig:15   | Found the +8 demon trident "Rift" {distort, reach+}
 98632 | Zig:15   | Found the +9 scales of the Dragon King {rPois rF+ rC+
                  | Will+}
 98686 | Zig:15   | Identified the Collected Works on Entrancing Ignition
 98694 | Zig:15   | Identified the cursed +0 scale mail of the Armadillo {+Fly
                  | rN+++ Will- Slay+2} (You found it on level 15 of a
                  | ziggurat)
 98750 | Zig:16   | Entered Level 16 of a ziggurat
 98771 | Zig:16   | Noticed a juggernaut
 98772 | Zig:16   | Killed a juggernaut
 98778 | Zig:16   | Found the +8 storm bow {elec, penet}
 98789 | Zig:16   | Identified Javuup's Handbook of Ice and Execration
 98823 | Zig:17   | Entered Level 17 of a ziggurat
 98871 | Zig:17   | Identified Coereull's First Steps in Theurgy
 98879 | Zig:17   | Identified the Volume of the Blistering Mountains
 98887 | Zig:17   | Got a pitted steel ring
 98888 | Zig:17   | Identified the ring "Zouxava" {rC+ Will+} (You found it on
                  | level 17 of a ziggurat)
 98906 | Zig:17   | Acquired 611 gold pieces
 98907 | Zig:17   | Acquired a manual of Transmutations
 98915 | Zig:18   | Entered Level 18 of a ziggurat
 98979 | Zig:18   | Gained mutation: Your spells are a little easier to cast,
                  | but a little less powerful. [evolution]
 98992 | Zig:18   | Identified the amulet of Day {RegenMP *Drain rC+ MP+9
                  | Dex+3} (You found it on level 18 of a ziggurat)
 99009 | Zig:19   | Entered Level 19 of a ziggurat
 99023 | Zig:19   | Noticed a juggernaut
 99026 | Zig:19   | Noticed a juggernaut
 99027 | Zig:19   | Killed a juggernaut
 99028 | Zig:19   | Killed a juggernaut
 99031 | Zig:19   | Noticed a juggernaut
 99034 | Zig:19   | Killed a juggernaut
 99054 | Zig:19   | Identified the Grimoire of the Ten Suns
 99057 | Zig:19   | Lost mutation: Your spells are a little easier to cast, but
                  | a little less powerful. [potion of mutation]
 99057 | Zig:19   | Lost mutation: You are agile. (Dex +2) [potion of mutation]
 99057 | Zig:19   | Gained mutation: Your flesh is heat resistant. (rF+)
                  | [potion of mutation]
 99057 | Zig:19   | Gained mutation: You are dopey. (Int -2) [potion of
                  | mutation]
 99057 | Zig:19   | Gained mutation: You are clumsy. (Dex -2) [potion of
                  | mutation]
 99057 | Zig:19   | Gained mutation: You have a pair of small horns on your
                  | head. [potion of mutation]
 99058 | Zig:19   | Lost mutation: Your flesh is cold resistant. (rC+) [potion
                  | of mutation]
 99058 | Zig:19   | Lost mutation: You are clumsy. (Dex -2) [potion of
                  | mutation]
 99058 | Zig:19   | Lost mutation: You have a pair of small horns on your head.
                  | [potion of mutation]
 99058 | Zig:19   | Lost mutation: Your flesh is heat resistant. (rF+) [potion
                  | of mutation]
 99058 | Zig:19   | Gained mutation: Your flesh is cold resistant. (rC+)
                  | [potion of mutation]
 99058 | Zig:19   | Gained mutation: Your flesh is heat resistant. (rF+)
                  | [potion of mutation]
 99058 | Zig:19   | Gained mutation: Your spells are a little harder to cast,
                  | but a little more powerful. [potion of mutation]
 99120 | Zig:19   | Identified the ring of a Million Lovers {rElec rF- rC+
                  | Str+2 SInv} (You found it on level 19 of a ziggurat)
 99126 | Zig:19   | Acquired the ring "Ofaskyas" {rF+ rC+ rN+ MP+9 Str-4}
 99173 | Zig:19   | Identified the +0 pair of boots "Jicirph" {rN+ rCorr} (You
                  | found it on level 19 of a ziggurat)
 99189 | Zig:20   | Entered Level 20 of a ziggurat
 99248 | Zig:20   | Found the +3 sling "Punk" {acid, rCorr}
 99265 | Zig:20   | Got a sparkling amber ring
 99288 | Zig:20   | Identified the ring of Irrepressible Laughter {rF+ Dex+6}
                  | (You found it on level 20 of a ziggurat)
 99307 | Zig:21   | Entered Level 21 of a ziggurat
 99393 | Zig:21   | Got a fine steel ring
 99394 | Zig:21   | Identified the ring "Wemeck" {rPois SInv} (You found it on
                  | level 21 of a ziggurat)
 99402 | Zig:22   | Entered Level 22 of a ziggurat
 99448 | Zig:22   | Identified Ugonn's Papyrus of Venomous Lightness
 99450 | Zig:22   | Identified Duynio's Catalogue of Orientation
 99507 | Zig:23   | Entered Level 23 of a ziggurat
 99558 | Zig:23   | Reached skill level 1 in Ice Magic
 99572 | Zig:23   | Identified Forreklu's Guide on Warped Snow
 99606 | Zig:24   | Entered Level 24 of a ziggurat
 99625 | Zig:24   | Reached skill level 27 in Earth Magic
 99638 | Zig:24   | Reached skill level 27 in Transmutations
 99642 | Zig:24   | Noticed Uppujin the pandemonium lord
 99645 | Zig:24   | Killed Uppujin the pandemonium lord
 99721 | Zig:24   | Found the +5 robe of Night {Dark Will+ SInv}
 99728 | Zig:24   | Identified the Reference Book on Translocation and Ignition
 99768 | Zig:24   | Got a bloodstained scale mail
 99779 | Zig:24   | Identified the +4 scale mail "Seyq" {Will+ Str+5 Int-4
                  | Dex+2} (You found it on level 24 of a ziggurat)
 99794 | Zig:24   | Got a shimmering scale mail
 99805 | Zig:24   | Identified the +6 scale mail of the Tired Ultimatums
                  | {Int+3} (You found it on level 24 of a ziggurat)
 99817 | Zig:24   | Got a pitted chain mail
 99828 | Zig:24   | Identified the cursed +0 chain mail "Uxtocapt" {rElec Str+4
                  | Dex+2} (You found it on level 24 of a ziggurat)
 99876 | Zig:25   | Entered Level 25 of a ziggurat
100000 | Zig:25   | Acquired a manual of Fighting
100032 | Zig:26   | Entered Level 26 of a ziggurat
100075 | Zig:26   | Found the amulet of the Four Winds {rN+ Will+++ Clar}
100088 | Zig:26   | Identified the Handbook of Vitriolic Stones
100093 | Zig:26   | Identified the Collected Works on Snow
100095 | Zig:26   | Identified the Catalogue of the Damaging Volcanoes
100100 | Zig:26   | Reached skill level 15 in Evocations
100111 | Zig:26   | Reached skill level 5 in Ice Magic
100170 | Zig:27   | Entered Level 27 of a ziggurat
100238 | Zig:27   | Identified the Almanac of Excruciating Ice
100246 | Zig:27   | Identified the +8 broad axe of the Visions {freeze, Int+8}
                  | (You found it on level 27 of a ziggurat)
100263 | Zig:27   | Identified the ring "Wabbeh" {Ice Str+6 Dex+3} (You found
                  | it on level 27 of a ziggurat)
100270 | Zig:27   | Identified the amulet "Ycineq" {Faith Fragile Str+3 Int+4}
                  | (You found it on level 27 of a ziggurat)
100294 | Depths:5 | Upgraded the game from 0.27-a0-200-g8ba017916c to
                  | 0.27-a0-203-gd48b2df3c9
100299 | Zig:1    | Entered Level 1 of a ziggurat
100318 | Zig:2    | Entered Level 2 of a ziggurat
100348 | Zig:3    | Entered Level 3 of a ziggurat
100350 | Zig:3    | Noticed a royal mummy
100353 | Zig:3    | Killed a royal mummy
100396 | Zig:4    | Entered Level 4 of a ziggurat
100396 | Zig:4    | Noticed a juggernaut
100396 | Zig:4    | Noticed a juggernaut
100398 | Zig:4    | Killed a juggernaut
100399 | Zig:4    | Killed a juggernaut
100455 | Zig:5    | Entered Level 5 of a ziggurat
100461 | Zig:5    | Noticed a royal mummy
100464 | Zig:5    | Killed a royal mummy
100521 | Zig:6    | Entered Level 6 of a ziggurat
100549 | Zig:6    | Identified the Catalogue of Displacement and Heat
100606 | Zig:7    | Entered Level 7 of a ziggurat
100652 | Zig:8    | Entered Level 8 of a ziggurat
100684 | Zig:8    | Identified the +1 helmet of the Blessed Realm {rF++ Str-4
                  | Dex+4} (You found it on level 8 of a ziggurat)
100701 | Zig:9    | Entered Level 9 of a ziggurat
100785 | Zig:10   | Entered Level 10 of a ziggurat
100894 | Zig:11   | Entered Level 11 of a ziggurat
100903 | Zig:11   | Noticed a dread lich
100903 | Zig:11   | Noticed an ancient lich
100904 | Zig:11   | Noticed an ancient lich
100904 | Zig:11   | Noticed an ancient lich
100905 | Zig:11   | Found the +11 plutonium sword {*Contam Stlth-}
100905 | Zig:11   | Noticed a dread lich
100907 | Zig:11   | Killed an ancient lich
100907 | Zig:11   | Killed a dread lich
100907 | Zig:11   | Killed an ancient lich
100907 | Zig:11   | Killed an ancient lich
100908 | Zig:11   | Reached skill level 27 in Air Magic
100908 | Zig:11   | Killed a dread lich
100909 | Zig:11   | Noticed a dread lich
100910 | Zig:11   | Noticed a dread lich
100910 | Zig:11   | Noticed a dread lich
100911 | Zig:11   | Killed a dread lich
100913 | Zig:11   | Killed a dread lich
100914 | Zig:11   | Killed a dread lich
100947 | Zig:11   | Identified the +3 ice dragon scales of Orthodoxy {rPois rF-
                  | rC++ Str+3} (You found it on level 11 of a ziggurat)
100978 | Zig:12   | Entered Level 12 of a ziggurat
100996 | Zig:12   | Reached skill level 27 in Shields
101012 | Zig:12   | Reached skill level 1 in Translocations
101014 | Zig:12   | Acquired 972 gold pieces
101019 | Zig:12   | Identified the amulet "Tudos" {Acrobat rElec rPois rF+}
                  | (You found it on level 12 of a ziggurat)
101022 | Zig:12   | Identified the amulet of Soinwymnezo {Regen+ Slay+3} (You
                  | found it on level 12 of a ziggurat)
101024 | Zig:12   | Got a flickering jade amulet
101026 | Zig:12   | Identified the amulet of Descent {Acrobat rF+ MP+9 SInv}
                  | (You found it on level 12 of a ziggurat)
101056 | Zig:13   | Entered Level 13 of a ziggurat
101088 | Zig:13   | Acquired a manual of Summonings
101120 | Zig:14   | Entered Level 14 of a ziggurat
101133 | Zig:14   | Noticed a dread lich
101133 | Zig:14   | Noticed an ancient lich
101135 | Zig:14   | Killed an ancient lich
101135 | Zig:14   | Killed a dread lich
101135 | Zig:14   | Noticed an ancient lich
101136 | Zig:14   | Reached skill level 27 in Stealth
101136 | Zig:14   | Killed an ancient lich
101137 | Zig:14   | Noticed an ancient lich
101138 | Zig:14   | Noticed an ancient lich
101139 | Zig:14   | Killed an ancient lich
101140 | Zig:14   | Killed an ancient lich
101142 | Zig:14   | Noticed a dread lich
101142 | Zig:14   | Noticed a dread lich
101144 | Zig:14   | Killed a dread lich
101146 | Zig:14   | Killed a dread lich
101178 | Zig:14   | Identified the Papyrus of Scorching Moulding
101181 | Zig:14   | Identified Sophisticated Casting
101187 | Zig:14   | Acquired 548 gold pieces
101194 | Zig:14   | Reached skill level 1 in Poison Magic
101197 | Zig:14   | Identified the Tome of Enchanting Earth
101230 | Zig:15   | Entered Level 15 of a ziggurat
101254 | Zig:15   | Noticed Ciykar the pandemonium lord
101257 | Zig:15   | Killed Ciykar the pandemonium lord
101347 | Zig:15   | Identified the cursed +1 ring mail "Giari" {rPois} (You
                  | found it on level 15 of a ziggurat)
101440 | Zig:16   | Entered Level 16 of a ziggurat
101450 | Zig:16   | Reached skill level 27 in Dodging
101455 | Zig:16   | Noticed a juggernaut
101458 | Zig:16   | Killed a juggernaut
101487 | Zig:16   | Got a heavily runed wooden ring
101488 | Zig:16   | Identified the ring of Hoypulun {+Fly rElec rC++ Will-}
                  | (You found it on level 16 of a ziggurat)
101492 | Zig:16   | Got a fine jade ring
101493 | Zig:16   | Identified the ring "Boosaeph" {rCorr Dex+3} (You found it
                  | on level 16 of a ziggurat)
101501 | Zig:16   | Identified the Guide on Ashen Dislocation
101505 | Zig:16   | Identified the +5 plate armour of Bad Feelings {Str+2
                  | Int+5} (You found it on level 16 of a ziggurat)
101509 | Zig:16   | Identified the +7 chain mail "Imuophext" {MP+9} (You found
                  | it on level 16 of a ziggurat)
101513 | Zig:16   | Identified the +6 chain mail of Reason {Str+6 Dex+4} (You
                  | found it on level 16 of a ziggurat)
101517 | Zig:17   | Entered Level 17 of a ziggurat
101529 | Zig:17   | Noticed a juggernaut
101532 | Zig:17   | Killed a juggernaut
101532 | Zig:17   | Noticed a juggernaut
101534 | Zig:17   | Killed a juggernaut
101534 | Zig:17   | Killed a juggernaut
101542 | Zig:17   | Noticed a juggernaut
101546 | Zig:17   | Killed a juggernaut
101581 | Zig:17   | Reached skill level 1 in Bows
101582 | Zig:17   | Reached skill level 1 in Long Blades
101582 | Zig:17   | Reached skill level 1 in Polearms
101582 | Zig:17   | Reached skill level 1 in Slings
101582 | Zig:17   | Reached skill level 1 in Crossbows
101582 | Zig:17   | Reached skill level 1 in Throwing
101607 | Zig:17   | Got bloodstained gold dragon scales
101619 | Zig:17   | Identified the +8 gold dragon scales of the Shoals {rPois
                  | rF+ rC+ Int+2} (You found it on level 17 of a ziggurat)
101644 | Zig:18   | Entered Level 18 of a ziggurat
101703 | Zig:18   | Identified the Reference Book on Icy Poisoning
101712 | Zig:18   | Identified the cursed -2 cloak of Rotation {rF- Str+4} (You
                  | found it on level 18 of a ziggurat)
101716 | Zig:18   | Got a sparkling marble ring
101717 | Zig:18   | Identified Keifaps's Volume of Bewitching Feathers
101737 | Zig:18   | Identified the ring of Activism {*Tele rN+} (You found it
                  | on level 18 of a ziggurat)
101747 | Zig:19   | Entered Level 19 of a ziggurat
101765 | Zig:19   | Noticed a dread lich
101765 | Zig:19   | Noticed a dread lich
101765 | Zig:19   | Noticed a dread lich
101765 | Zig:19   | Noticed an ancient lich
101766 | Zig:19   | Noticed a dread lich
101766 | Zig:19   | Noticed an ancient lich
101767 | Zig:19   | Noticed a dread lich
101767 | Zig:19   | Killed a dread lich
101767 | Zig:19   | Killed a dread lich
101767 | Zig:19   | Killed a dread lich
101767 | Zig:19   | Killed a dread lich
101767 | Zig:19   | Killed an ancient lich
101767 | Zig:19   | Killed an ancient lich
101769 | Zig:19   | Killed a dread lich
101770 | Zig:19   | Noticed an ancient lich
101772 | Zig:19   | Noticed a dread lich
101772 | Zig:19   | Killed an ancient lich
101772 | Zig:19   | Noticed a dread lich
101773 | Zig:19   | Killed a dread lich
101773 | Zig:19   | Noticed a dread lich
101774 | Zig:19   | Killed a dread lich
101777 | Zig:19   | Killed a dread lich
101819 | Zig:19   | Identified the Papyrus of Aerial Beguiling
101822 | Zig:19   | Got a bound lead ring
101824 | Zig:19   | Identified the ring of Lady Luck {*Contam rPois rF+ rN+
                  | Int+3} (You found it on level 19 of a ziggurat)
101831 | Zig:19   | Got a transparent iron ring
101833 | Zig:19   | Identified the ring of Qeusuh {rPois rC+ Dex+5 Stlth+} (You
                  | found it on level 19 of a ziggurat)
101847 | Zig:19   | Reached skill level 5 in Summonings
101849 | Zig:19   | Got an ancient lead amulet
101864 | Zig:19   | Got a faintly glowing wooden ring
101869 | Zig:19   | Identified the ring of Midnight {rN+ Dex+3} (You found it
                  | on level 19 of a ziggurat)
101875 | Zig:19   | Got a bound turquoise ring
101877 | Zig:19   | Identified the ring of Uquun {rElec Str+6} (You found it on
                  | level 19 of a ziggurat)
101899 | Zig:20   | Entered Level 20 of a ziggurat
101952 | Zig:20   | Found the +0 mask of the Dragon {Will+ Slay+3 SInv}
101955 | Zig:20   | Identified the Guide on Poisonous Clay
101969 | Zig:20   | Got an ancient steel ring
101972 | Zig:20   | Identified the Reference Book on Conjuration
101976 | Zig:20   | Identified Tipaawoo's Disquisition on Toxic Evil Arts
101993 | Zig:21   | Entered Level 21 of a ziggurat
102018 | Zig:21   | Reached skill level 27 in Armour
102047 | Zig:21   | Acquired 725 gold pieces
102086 | Zig:21   | Got a steaming bone ring
102088 | Zig:21   | Identified the ring "Qyako" {+Blink rElec rPois MP-9
                  | Stlth-} (You found it on level 21 of a ziggurat)
102091 | Zig:21   | Identified the ring "Gaowih" {rC+ Slay+4} (You found it on
                  | level 20 of a ziggurat)
102095 | Zig:21   | Got a translucent wooden ring
102096 | Zig:21   | Identified the ring "Pemerink" {rElec Will+ AC+4 Str-4
                  | Int+4} (You found it on level 21 of a ziggurat)
102124 | Zig:22   | Entered Level 22 of a ziggurat
102157 | Zig:22   | Found the +2 shield of Resistance {rF++ rC++ Will++}
102173 | Zig:22   | Got a coiled lead ring
102175 | Zig:22   | Identified the ring "Tunwic" {+Fly SInv} (You found it on
                  | level 22 of a ziggurat)
102183 | Zig:22   | Identified the amulet "Itytosoj" {Faith rElec Str+3} (You
                  | found it on level 19 of a ziggurat)
102185 | Zig:22   | Identified the Collected Works on Dusty Necromancy
102191 | Zig:22   | Got a transparent granite ring
102196 | Zig:22   | Identified the ring of Vuegg {+Fly Int+2} (You found it on
                  | level 22 of a ziggurat)
102204 | Zig:22   | Acquired 696 gold pieces
102212 | Zig:22   | Reached skill level 5 in Hexes
102268 | Zig:23   | Entered Level 23 of a ziggurat
102357 | Zig:23   | Found the +6 arbalest "Damnation" {damnation}
102379 | Zig:23   | Got a bound bone ring
102381 | Zig:23   | Identified the ring "Uqynn" {rF+ rN+ rCorr Str+4} (You
                  | found it on level 23 of a ziggurat)
102487 | Zig:24   | Entered Level 24 of a ziggurat
102522 | Zig:24   | Noticed a dread lich
102524 | Zig:24   | Killed a dread lich
102525 | Zig:24   | Reached skill level 27 in Fighting
102528 | Zig:24   | Reached skill level 5 in Bows
102530 | Zig:24   | Reached skill level 5 in Translocations
102537 | Zig:24   | Reached skill level 5 in Poison Magic
102553 | Zig:24   | Found the ring of the Hare {EV+8}
102591 | Zig:24   | Got a scintillating ivory ring
102592 | Zig:24   | Identified the ring of Zinim {Will+ SInv Stlth+} (You found
                  | it on level 24 of a ziggurat)
102602 | Zig:24   | Identified the Almanac of Heat
102633 | Zig:24   | Identified the +3 scale mail of the Slightly Bent {*Slow
                  | rN++ Str+5} (You found it on level 24 of a ziggurat)
102640 | Zig:25   | Entered Level 25 of a ziggurat
102661 | Zig:25   | Reached skill level 5 in Axes
102662 | Zig:25   | Reached skill level 5 in Throwing
102669 | Zig:25   | Reached skill level 5 in Crossbows
102670 | Zig:25   | Reached skill level 5 in Long Blades
102673 | Zig:25   | Reached skill level 5 in Slings
102673 | Zig:25   | Reached skill level 10 in Summonings
102712 | Zig:25   | Identified the +2 plate armour of the Evening {Str+3} (You
                  | found it on level 25 of a ziggurat)
102716 | Zig:25   | Identified the +0 plate armour of Sin {Str-3 Int+3 Stlth+}
                  | (You found it on level 25 of a ziggurat)
102720 | Zig:26   | Entered Level 26 of a ziggurat
102752 | Zig:26   | Reached skill level 5 in Polearms
102756 | Zig:26   | Noticed Zusuih the pandemonium lord
102760 | Zig:26   | Reached skill level 10 in Ice Magic
102762 | Zig:26   | Killed Zusuih the pandemonium lord
102767 | Zig:26   | Gained mutation: Scrolls take you a little longer to read.
                  | [a cacodemon]
102768 | Zig:26   | Reached skill level 10 in Hexes
102772 | Zig:26   | Reached skill level 10 in Bows
102775 | Zig:26   | HP: 6/199 [Brimstone Fiend/damnation (49)]
102843 | Zig:26   | Lost mutation: Your spells are a little harder to cast, but
                  | a little more powerful. [potion of mutation]
102843 | Zig:26   | Lost mutation: You are dopey. (Int -2) [potion of mutation]
102843 | Zig:26   | Gained mutation: Potions are less effective at restoring
                  | your health. [potion of mutation]
102843 | Zig:26   | Gained mutation: You possess an exceptional clarity of
                  | mind. [potion of mutation]
102843 | Zig:26   | Gained mutation: You can translocate small distances at
                  | will. [potion of mutation]
102843 | Zig:26   | Gained mutation: Your movements are slightly less
                  | encumbered by armour. (ER -2) [potion of mutation]
102844 | Zig:26   | Lost mutation: You evolve. [potion of mutation]
102844 | Zig:26   | Lost mutation: You can translocate small distances at will.
                  | [potion of mutation]
102844 | Zig:26   | Gained mutation: Your natural rate of healing is unusually
                  | fast. [potion of mutation]
102844 | Zig:26   | Gained mutation: You have sharp toenails. [potion of
                  | mutation]
102844 | Zig:26   | Gained mutation: You have a somewhat thin skeletal
                  | structure. (Dex +2, Stealth) [potion of mutation]
102845 | Zig:26   | Lost mutation: Your flesh is heat resistant. (rF+) [potion
                  | of mutation]
102845 | Zig:26   | Lost mutation: Your natural rate of healing is unusually
                  | fast. [potion of mutation]
102845 | Zig:26   | Lost mutation: Scrolls take you a little longer to read.
                  | [potion of mutation]
102845 | Zig:26   | Lost mutation: You possess an exceptional clarity of mind.
                  | [potion of mutation]
102845 | Zig:26   | Gained mutation: Your flesh is heat resistant. (rF+)
                  | [potion of mutation]
102846 | Zig:26   | Lost mutation: Your flesh is heat resistant. (rF+) [potion
                  | of mutation]
102846 | Zig:26   | Lost mutation: Potions are less effective at restoring your
                  | health. [potion of mutation]
102846 | Zig:26   | Lost mutation: Your flesh is cold resistant. (rC+) [potion
                  | of mutation]
102846 | Zig:26   | Gained mutation: You can translocate small distances at
                  | will. [potion of mutation]
102846 | Zig:26   | Gained mutation: You are weak. (Str -2) [potion of
                  | mutation]
102846 | Zig:26   | Gained mutation: You are partially covered in large bone
                  | plates. (SH +4) [potion of mutation]
102925 | Zig:26   | Found the +0 pair of fencer's gloves {Riposte Dex+3}
102938 | Zig:26   | Got a crude pewter ring
102939 | Zig:26   | Identified the ring "Xesur" {Wiz rF+ Dex+2} (You found it
                  | on level 26 of a ziggurat)
102951 | Zig:26   | Identified the ring of Ugir {+Fly rF+} (You found it on
                  | level 26 of a ziggurat)
102988 | Zig:26   | Identified the Grimoire of the Mountains
103004 | Zig:27   | Entered Level 27 of a ziggurat
103025 | Zig:27   | Noticed a dread lich
103027 | Zig:27   | Killed a dread lich
103031 | Zig:27   | Noticed an ancient lich
103032 | Zig:27   | Noticed an ancient lich
103033 | Zig:27   | Killed an ancient lich
103034 | Zig:27   | Killed an ancient lich
103042 | Zig:27   | Noticed a dread lich
103042 | Zig:27   | Noticed a dread lich
103043 | Zig:27   | Killed a dread lich
103043 | Zig:27   | Killed a dread lich
103044 | Zig:27   | Killed an ancient lich
103045 | Zig:27   | Reached skill level 10 in Translocations
103046 | Zig:27   | Noticed an ancient lich
103047 | Zig:27   | Noticed a dread lich
103048 | Zig:27   | Killed a dread lich
103049 | Zig:27   | Reached skill level 10 in Poison Magic
103049 | Zig:27   | Noticed a dread lich
103049 | Zig:27   | Noticed a dread lich
103050 | Zig:27   | Killed a dread lich
103050 | Zig:27   | Killed a dread lich
103051 | Zig:27   | Killed an ancient lich
103053 | Zig:27   | Killed a dread lich
103054 | Zig:27   | Killed a dread lich
103054 | Zig:27   | Killed a dread lich
103056 | Zig:27   | Noticed a dread lich
103058 | Zig:27   | Reached skill level 10 in Throwing
103058 | Zig:27   | Killed a dread lich
103058 | Zig:27   | Noticed an ancient lich
103061 | Zig:27   | Killed an ancient lich
103073 | Zig:27   | Found the ring of the Octopus King
103088 | Zig:27   | Identified the +0 cloak of the Wicked Tuna {rC++ Int+6}
                  | (You found it on level 27 of a ziggurat)
103111 | Zig:27   | Identified Arabuhed's Volume of Poisonous Curses
103114 | Zig:27   | Identified the +2 tower shield "Nuheac" {+Blink Dex+8
                  | Stlth-} (You found it on level 27 of a ziggurat)
103119 | Zig:27   | Identified the amulet "Zejeg" {Spirit rN+ Str+3 Stlth+}
                  | (You found it on level 27 of a ziggurat)
103122 | Zig:27   | Identified the ring "Jetiuzew" {Fire Str+3} (You found it
                  | on level 27 of a ziggurat)
103126 | Zig:27   | Identified Sif Muna's Reference Book on the Entourage and
                  | Clay
103130 | Zig:27   | Identified Uptal's Reference Book on Attacks
103149 | Zig:27   | Identified the +2 chain mail of Quantum Leap {rF+ Will+}
                  | (You found it on level 27 of a ziggurat)
103211 | Depths:5 | Voluntarily entered the Abyss.
103211 | Abyss:1  | Found a corrupted altar of Lugonu.
103924 | Abyss:2  | Found a corrupted altar of Lugonu.
104038 | Abyss:2  | Identified The Compendium of Greatest Risks and Utility
104109 | Abyss:2  | Found an iron altar of Okawaru.
104342 | Abyss:2  | Reached skill level 15 in Summonings
104469 | Abyss:2  | Found a broken altar of Ashenzari.
104474 | Abyss:3  | Found a corrupted altar of Lugonu.
104885 | Abyss:3  | Got an abyssal rune of Zot
104935 | Depths:5 | Escaped the Abyss
105034 | Hell     | Entered the Vestibule of Hell
105034 | Hell     | Noticed Geryon
105040 | Hell     | Reached skill level 10 in Axes
105040 | Hell     | Killed Geryon
105061 | Hell     | Reached skill level 10 in Crossbows
105061 | Hell     | Noticed Murray
105063 | Hell     | Killed Murray
105064 | Hell     | Reached skill level 10 in Long Blades
105184 | Hell     | Found a gateway to the Iron City of Dis.
105338 | Hell     | Found a gateway to the decaying netherworld of Tartarus.
105403 | Hell     | Found a gateway to the freezing wastes of Cocytus.
105514 | Hell     | Found a gateway to the ashen valley of Gehenna.
105606 | Coc:1    | Entered Level 1 of Cocytus
105949 | Coc:7    | Entered Level 7 of Cocytus
106602 | Coc:7    | Noticed Antaeus
106616 | Coc:7    | Killed Antaeus
106712 | Coc:7    | Identified The Last Almanac of the Archmage
106720 | Coc:7    | Got an icy rune of Zot
106727 | Coc:7    | Identified the ring "Onoerog" {rC+ rN++ Str+3} (You found
                  | it on level 7 of Cocytus)
107007 | Hell     | Learned a level 9 spell: Absolute Zero
107010 | Geh:1    | Entered Level 1 of Gehenna
107209 | Geh:5    | Reached skill level 15 in Ice Magic
107357 | Geh:7    | Entered Level 7 of Gehenna
108460 | Geh:7    | Identified the +7 sceptre of Asmodeus
108460 | Geh:7    | Noticed Asmodeus
108461 | Geh:7    | Killed Asmodeus
108544 | Geh:7    | Got an obsidian rune of Zot
108654 | Hell     | Upgraded the game from 0.27-a0-203-gd48b2df3c9 to
                  | 0.27-a0-216-g1fbed8a51c
108661 | Dis:1    | Entered Level 1 of the Iron City of Dis
108726 | Dis:1    | You fall into a shaft and drop 1 floor!
109685 | Dis:7    | Entered Level 7 of the Iron City of Dis
110229 | Dis:7    | Noticed the Serpent of Hell
110259 | Dis:7    | Killed the Serpent of Hell
110498 | Dis:7    | Identified the +3 dagger of Desperation {freeze, *Rage rC+
                  | rN++}
110498 | Dis:7    | Identified the ring "Ahyra" {Fire *Slow +Blink rPois Int-4}
110650 | Dis:7    | Found the +5 sword of Power {vorpal}
110659 | Dis:7    | Identified the +4 staff of Dispater
110659 | Dis:7    | Noticed Dispater
110660 | Dis:7    | Killed Dispater
110693 | Dis:7    | Identified the Reference Book on Doomed Translocation
110703 | Dis:7    | Got an iron rune of Zot
110798 | Tar:1    | Entered Level 1 of Tartarus
111453 | Tar:7    | Entered Level 7 of Tartarus
111739 | Tar:7    | Identified Temel's Guide on Dislocated Moulding
111914 | Tar:7    | Noticed Ereshkigal
111917 | Tar:7    | Killed Ereshkigal
112014 | Tar:7    | Got a bone rune of Zot
112044 | Tar:7    | Reached skill level 27 in Ice Magic
112232 | Pan      | Entered Pandemonium
112548 | Pan      | Identified the +6 ice dragon scales "Leut" {Harm +Inv rElec
                  | rF- rC++ Str+6}
113161 | Pan      | Found a white marble altar of Elyvilon.
113635 | Pan      | Found a glowing silver altar of Zin.
113976 | Pan      | Identified the cursed -3 buckler "Xickeg" {rN+ Will- Int+3}
113976 | Pan      | Identified the ring "Sadonoal" {+Blink rPois rF+ rC- rN++}
113996 | Pan      | Killed a seraph
114007 | Pan      | Found a glowing golden altar of the Shining One.
114034 | Pan      | Identified the Handbook of Orientation and Clay
114041 | Pan      | Got a demonic rune of Zot
114299 | Pan      | Reached skill level 27 in Evocations
114304 | Pan      | Noticed Utohir the pandemonium lord
114312 | Pan      | Killed Utohir the pandemonium lord
114391 | Pan      | Noticed Xyrchary the pandemonium lord
114814 | Pan      | Noticed Dipluc the pandemonium lord
114816 | Pan      | Killed Dipluc the pandemonium lord
114817 | Pan      | Reached skill level 10 in Staves
114978 | Pan      | Noticed Exzurynet the pandemonium lord
115020 | Pan      | Gained mutation: Armour fits poorly on your strangely
                  | shaped body. [a cacodemon]
115083 | Pan      | Identified the +2 pair of boots "Vimuakki" {Str+2 Stlth+}
                  | (You found it in Pandemonium)
115086 | Pan      | Found a transporter.
115087 | Pan      | Found a transporter.
115141 | Pan      | Identified the amulet of Midnight {Faith rPois Str-4 Dex-4
                  | SInv} (You found it in Pandemonium)
115472 | Pan      | Gained mutation: You are occasionally teleported next to
                  | monsters. [a cacodemon]
115474 | Pan      | Lost mutation: You are weak. (Str -2) [potion of mutation]
115474 | Pan      | Lost mutation: You can translocate small distances at will.
                  | [potion of mutation]
115474 | Pan      | Lost mutation: You have sharp toenails. [potion of
                  | mutation]
115474 | Pan      | Lost mutation: Armour fits poorly on your strangely shaped
                  | body. [potion of mutation]
115474 | Pan      | Gained mutation: You tend to lose your temper in combat.
                  | [potion of mutation]
115474 | Pan      | Gained mutation: You passively map a small area around you.
                  | [potion of mutation]
115475 | Pan      | Lost mutation: You tend to lose your temper in combat.
                  | [potion of mutation]
115475 | Pan      | Lost mutation: You are occasionally teleported next to
                  | monsters. [potion of mutation]
115475 | Pan      | Gained mutation: You evolve. [potion of mutation]
115475 | Pan      | Lost mutation: You evolve. [potion of mutation]
115475 | Pan      | Gained mutation: You expend magic power (3 MP) to
                  | strengthen your wands. [potion of mutation]
115666 | Pan      | Entered the realm of Gloorx Vloq.
115666 | Pan      | Noticed Gloorx Vloq
115667 | Pan      | Killed Gloorx Vloq
115674 | Pan      | Reached skill level 15 in Staves
115681 | Pan      | Got a dark rune of Zot
116173 | Pan      | Noticed Keam the pandemonium lord
116179 | Pan      | Killed Keam the pandemonium lord
116319 | Pan      | Noticed Mennas
116321 | Pan      | Killed Mennas
116389 | Pan      | Found a transporter.
116410 | Pan      | Identified the amulet of Nuryxtoe {Inacc rC+} (You found it
                  | in Pandemonium)
116422 | Pan      | Identified the ring "Zeuf" {rF+ rC+ Str+3} (You found it in
                  | Pandemonium)
116468 | Pan      | Entered the realm of Mnoleg.
116686 | Pan      | Identified the cursed +1 robe of Heresy {Rampage *Slow
                  | rN++}
117092 | Pan      | Gained mutation: You are clumsy. (Dex -2) [a neqoxec]
117189 | Pan      | Noticed Mnoleg
117193 | Pan      | Killed Mnoleg
117292 | Pan      | Got a glowing rune of Zot
117403 | Pan      | Entered the realm of Lom Lobon.
117532 | Pan      | Found an exit through the horrors of the Abyss.
117928 | Pan      | Noticed Lom Lobon
117934 | Pan      | Killed Lom Lobon
118049 | Pan      | Got a magical rune of Zot
118097 | Pan      | Entered the realm of Cerebov.
118198 | Pan      | Identified the ring "Antiq" {Ice rPois MP+9} (You found it
                  | in Pandemonium)
118298 | Pan      | Identified the Collected Works on Gliding Snow
118374 | Pan      | Identified the +6 sword of Cerebov {flame}
118374 | Pan      | Noticed Cerebov
118453 | Pan      | Killed Cerebov
118489 | Pan      | Got a fiery rune of Zot
118694 | Depths:3 | Escaped Pandemonium
119078 | Tomb:1   | Entered Level 1 of the Tomb of the Ancients
119120 | Tomb:1   | Noticed a royal mummy
119123 | Tomb:1   | Killed a royal mummy
119123 | Tomb:1   | Noticed a royal mummy
119129 | Tomb:1   | Killed a royal mummy
119129 | Tomb:1   | Noticed a royal mummy
119237 | Tomb:1   | Killed a royal mummy
119363 | Tomb:1   | Noticed a royal mummy
119366 | Tomb:1   | Killed a royal mummy
119368 | Tomb:1   | Noticed a royal mummy
119370 | Tomb:1   | Noticed a royal mummy
119371 | Tomb:1   | Killed a royal mummy
119517 | Tomb:1   | Killed a royal mummy
119831 | Tomb:1   | Acquired 1068 gold pieces
120146 | Tomb:1   | Noticed a royal mummy
120150 | Tomb:1   | Killed a royal mummy
120157 | Tomb:1   | Noticed a royal mummy
120160 | Tomb:1   | Killed a royal mummy
120163 | Tomb:1   | Noticed a royal mummy
120164 | Tomb:1   | Killed a royal mummy
120276 | Tomb:1   | Noticed a royal mummy
120278 | Tomb:1   | Killed a royal mummy
120297 | Tomb:1   | Noticed a royal mummy
120302 | Tomb:1   | Killed a royal mummy
120475 | Tomb:1   | Got a brightly glowing brass ring
120477 | Tomb:1   | Identified the cursed ring of Qiavvola {rElec EV-4 Int+6}
                  | (You found it on level 1 of the Tomb of the Ancients)
120565 | Tomb:1   | Noticed a royal mummy
120566 | Tomb:1   | Killed a royal mummy
120600 | Tomb:1   | Noticed a royal mummy
120601 | Tomb:1   | Killed a royal mummy
120659 | Tomb:1   | Noticed a royal mummy
120663 | Tomb:1   | Killed a royal mummy
120710 | Tomb:1   | Noticed a royal mummy
120711 | Tomb:1   | Killed a royal mummy
120743 | Tomb:1   | Noticed a royal mummy
120745 | Tomb:1   | Killed a royal mummy
120748 | Tomb:1   | Noticed a royal mummy
120751 | Tomb:1   | Killed a royal mummy
120772 | Tomb:1   | Noticed a royal mummy
120775 | Tomb:1   | Killed a royal mummy
121305 | Tomb:2   | Noticed a royal mummy
121309 | Tomb:2   | Noticed a royal mummy
121310 | Tomb:2   | Killed a royal mummy
121310 | Tomb:2   | Noticed a royal mummy
121312 | Tomb:2   | Killed a royal mummy
121321 | Tomb:2   | Noticed a royal mummy
121326 | Tomb:2   | Killed a royal mummy
121326 | Tomb:2   | Killed a royal mummy
121675 | Tomb:3   | Entered Level 3 of the Tomb of the Ancients
121685 | Tomb:3   | Noticed an ancient lich
121687 | Tomb:3   | Killed an ancient lich
121688 | Tomb:3   | Noticed a royal mummy
121690 | Tomb:3   | Killed a royal mummy
121692 | Tomb:3   | Noticed a royal mummy
121698 | Tomb:3   | Killed a royal mummy
121707 | Tomb:3   | Noticed a royal mummy
121710 | Tomb:3   | Killed a royal mummy
121719 | Tomb:3   | Noticed a royal mummy
121720 | Tomb:3   | Noticed a royal mummy
121721 | Tomb:3   | Noticed a royal mummy
121723 | Tomb:3   | Killed a royal mummy
121723 | Tomb:3   | Killed a royal mummy
121724 | Tomb:3   | Killed a royal mummy
121725 | Tomb:3   | Noticed a royal mummy
121731 | Tomb:3   | Killed a royal mummy
121777 | Tomb:3   | Identified the Grimoire of Mutagenic Arcane Weapons
122009 | Tomb:3   | Got a golden rune of Zot
122065 | Tomb:3   | Identified the ring "Tediph" {Will+ MP+9} (You found it on
                  | level 3 of the Tomb of the Ancients)
122103 | Tomb:3   | Got a wavering bone amulet
122106 | Tomb:3   | Identified Xyng's Incunabulum of the Voyage and the
                  | Entourage
122595 | Zot:1    | Entered Level 1 of the Realm of Zot
122620 | Zot:1    | Reached skill level 27 in Staves
122824 | Zot:1    | Reached skill level 1 in Maces & Flails
123251 | Zot:2    | Reached skill level 5 in Short Blades
123657 | Zot:2    | Found a runed translucent gate.
123657 | Zot:2    | Found a runed translucent gate.
123657 | Zot:2    | Found an ancient bone altar of Kikubaaqudgha.
123657 | Zot:2    | Found a runed translucent gate.
123657 | Zot:2    | Noticed an ancient lich
123657 | Zot:2    | Noticed mopl's ghost (legendary MiHu)
123657 | Zot:2    | Noticed Jimaaf's ghost (adept DDFi)
123658 | Zot:2    | Noticed an ancient lich
123658 | Zot:2    | Noticed an ancient lich
123812 | Zot:2    | Killed an ancient lich
123813 | Zot:2    | Reached skill level 10 in Polearms
123814 | Zot:2    | Killed mopl's ghost
123815 | Zot:2    | Killed an ancient lich
123816 | Zot:2    | Killed an ancient lich
123823 | Zot:2    | Killed Jimaaf's ghost
123923 | Zot:3    | Reached skill level 5 in Maces & Flails
124060 | Zot:2    | Got a dazzling cloak
124071 | Zot:2    | Identified the cursed +0 cloak "Jutseum" {rC+ Str+4 Int+4}
                  | (You found it on level 2 of the Realm of Zot)
124094 | Zot:2    | Got a fine tin ring
124096 | Zot:2    | Identified the ring "Lexu" {rF+ Will+ Str+5 Dex-3} (You
                  | found it on level 2 of the Realm of Zot)
124387 | Zot:5    | Entered Level 5 of the Realm of Zot
124423 | Zot:5    | Found the ring of the Mage {Wiz Will++ Int+3}
124443 | Zot:5    | Noticed Killmatronix's ghost (veteran SpBe)
124447 | Zot:5    | Killed Killmatronix's ghost
124606 | Zot:5    | Found a transporter.
124623 | Zot:5    | Got a faintly glowing crystal amulet
124624 | Zot:5    | Identified the amulet "Noubups" {Reflect rF+ SH+5} (You
                  | found it on level 3 of the Tomb of the Ancients)
124626 | Zot:5    | Identified the amulet "Bydoris" {Reflect Dex+7 SH+5} (You
                  | found it on level 5 of the Realm of Zot)
124642 | Zot:5    | Found a transporter.
124712 | Zot:5    | Noticed an orb of fire
125058 | Zot:5    | Noticed an orb of fire
125059 | Zot:5    | Killed an orb of fire
125067 | Zot:5    | Noticed an orb of fire
125068 | Zot:5    | Noticed an ancient lich
125074 | Zot:5    | Killed an orb of fire
125077 | Zot:5    | Killed an ancient lich
125118 | Zot:5    | Noticed an ancient lich
125123 | Zot:5    | Killed an ancient lich
125124 | Zot:5    | Reached skill level 10 in Short Blades
125213 | Zot:5    | Noticed an orb of fire
125275 | Zot:5    | Killed an orb of fire
125465 | Zot:5    | Killed an ancient lich
125479 | Zot:5    | Reached skill level 15 in Axes
125507 | Zot:5    | Noticed an orb of fire
125508 | Zot:5    | Killed an orb of fire
125570 | Zot:5    | Noticed an orb of fire
125577 | Zot:5    | Killed an orb of fire
125628 | Zot:5    | Noticed an orb of fire
125636 | Zot:5    | Killed an orb of fire
125646 | Zot:5    | Noticed an ancient lich
125661 | Zot:5    | Noticed an ancient lich
125664 | Zot:5    | Noticed an ancient lich
125665 | Zot:5    | Killed an ancient lich
125669 | Zot:5    | Killed an ancient lich
125693 | Zot:5    | Killed an ancient lich
125810 | Zot:5    | Got the Orb of Zot
126043 | Depths:1 | Noticed Geronkima the pandemonium lord
126235 | D:8      | Noticed Adossad the pandemonium lord
126347 | D:$      | Escaped with the Orb!

Illustrated notes

Levels and vault maps discovered:
D:1:      kennysheep_arrival_forest, layout_rooms, minmay_cupped
D:2:      cheibrodos_helix_gallery, layout_basic,
          chequers_ecumenical_altar_lobes, grunt_ministairs_12
D:3:      layout_basic
D:4:      layout_cave_pools, serial_shops, nicolae_shop_trees, uniq_edmund
D:5:      layout_basic, marbit_many_paths, basic_altar
D:6:      layout_layer_cave, portal_sewer_entry_f
D:7:      layout_loops_ring, minmay_temple_entry_statues_pillars,
          kennysheep_opposing_triangles, uniq_maggie, uniq_crazy_yiuf_cottage,
          uniq_duvessa
D:8:      layout_loops_cross, basic_altar, uniq_grum
D:9:      layout_rooms, david_lair_generic
D:10:     layout_basic, tso_altar, uniq_joseph, uniq_josephine
D:11:     minmay_recursive_quarters, layout_grid_maze
D:12:     layout_rooms, david_orc_4, serial_shops, bzr_entry_safe, shop,
          nicolae_shop_stone, kennysheep_mini_moat, shop,
          ploomutoo_gammafunk_ghost_potion_laboratory, uniq_azrael, uniq_kirke,
          uniq_snorg
D:13:     layout_roguey, lightli_vaults_fourway_checkpoint, uniq_nessos
D:14:     layout_roguey, solitary_fountain, uniq_louise, uniq_roxanne
D:15:     hangedman_depths_entry_try_elsewhere_first, layout_layer_cave,
          minmay_misc_feat_doors, special_room [special_room_bee],
          corner_web_ring
Temple:   roderic_octagonal_lattice_temple
Lair:1:   layout_big_grid, lemuel_fruit_tree
Lair:2:   layout_cave_pods, elwin_shoals_entry_rooms, minmay_lair_oklob_chamber,
          lemuel_fruit_fields
Lair:3:   beast_lair_carwin_large_2, layout_gridlike, minmay_lair_oklob_bushes,
          lemuel_fruit_fields, grunt_megastairs_2
Lair:4:   layout_roguey, minmay_snake_entry_six_corridors,
          grunt_forest_small_clearings, serial_bayou_shore_b,
          grunt_megastairs_3, serial_bayou_shore_b
Lair:5:   layout_regular_city, slime_dummy, beast_lair_carwin_4,
          grunt_megastairs_5, lemuel_fruit_fields, lemuel_fruit_fields,
          serial_bayou_shore_a, infiniplex_staircase_pool, serial_bayou_shore_b
Lair:6:   minmay_lair_end_enchanted_forest, layout_long_grid
Shoals:1: layout_shoals, st_sunken_huts
Shoals:2: layout_shoals, serial_shops, nicolae_shop_trees,
          nicolae_shoals_this_corrosion
Shoals:3: layout_shoals, st_shoals_ruin, uniq_polyphemus, uniq_ilsuiw
Shoals:4: shoals_end_grunt_ice, layout_shoals
Snake:1:  layout_gridlike, uniq_aizul
Snake:2:  layout_onion, minmay_shop_grove, grunt_megastairs_1,
          serial_bayou_shore_b
Snake:3:  layout_cave_town, serial_bayou_pond_a, serial_bayou_shore_b,
          uniq_vashnia
Snake:4:  minmay_snake_end_coiled, layout_cave_town
Slime:1:  layout_caves
Slime:2:  layout_caves, dissolution_awaits
Slime:3:  layout_caves
Slime:4:  layout_caves
Slime:5
Orc:1:    cheibrodos_orc_bank, layout_diamond_mine, nicolae_orc_rich_vein
Orc:2:    st_orc_open, layout_diamond_mine, gauntlet_entry_generic
Elf:1:    elf_arrival_002, layout_geoelf_grid, serial_shops, shop,
          nicolae_shop_stone, nicolae_shop_waterfront, nicolae_shop_crystal,
          nicolae_shop_behind_doors, hangedman_elf_disciples, uniq_donald,
          uniq_frances
Elf:2:    layout_rooms, minmay_misc_feat_columns, nicolae_elf_big_sculpture_1,
          nicolae_elf_big_sculpture_3
Elf:3:    minmay_elf_hall_four_x, layout_gridlike, lemuel_flamethrower_1
Vaults:1: nicolae_vaults_network_periphery, hangedman_vaults_river_flow,
          nicolae_vaults_inception_statues, v_misc_26, special_room_vaults
          [special_room_orc], v_misc_27, v_misc_25, vaults_dpeg_cross,
          nicolae_vaults_ninety_degrees, grunt_vaults_funnel,
          ontoclasm_vaults_fault, vaults_mumra_chevron, vaults_room_pools,
          vaults_dpeg_hooks, layout_vaults_omnibox, serial_shops,
          nicolae_shop_waterfront
Vaults:2: st_lines, minmay_crypt_entry_simple_plaza, hangedman_vaults_hat,
          v_misc_22, v_misc_5, v_misc_8, v_misc_15, ontoclasm_vaults_twist,
          nicolae_vaults_little_squares_2, hangedman_vaults_stretched_pinwheel,
          nicolae_vaults_border_crossing, layout_vaults_omnigrid, serial_shops,
          shop, uniq_saint_roka, uniq_asterion
Vaults:3: v_misc_5, st_diamondy, vaults_room_stairs_pillars,
          nicolae_vaults_what_the_h, dpeg_vaults_monster_box,
          ontoclasm_vaults_gateway, nicolae_vaults_big_ls,
          nicolae_vaults_little_ls, vaults_mumra_hex, grunt_vaults_twisty,
          vaults_mumra_chevron_long, vaults_room_hallway,
          ontoclasm_vaults_claustrophobia, nicolae_vaults_circle_grid_b,
          ontoclasm_vaults_decontamination, layout_vaults_maze, uniq_mara
Vaults:4: vaults_dpeg_spiral, hangedman_vaults_restitches,
          grunt_vaults_trifunnel, v_misc_33, vaults_room_octagon,
          vaults_dpeg_ring, ontoclasm_vaults_loading_screen,
          vaults_mumra_minichess_inversion, layout_vaults_chaotic_city,
          serial_shops, freezing_bzr, shop, nicolae_shop_behind_doors,
          nicolae_shop_crystal, shop, nicolae_trove_entry_isolated
Vaults:5
Crypt:1:  layout_chaotic_city, grunt_crypt_arrival_guarded_gate
Crypt:2:  layout_misc_corridors, roderic_lattice_octagonal_star
Crypt:3:  grunt_crypt_end_deaths_head
Tomb:1
Tomb:2
Tomb:3
Depths:1: layout_gridville, serial_shops, nicolae_shop_statue_plus, hell_entry,
          abyss_entry_small_statue_room, pan_entry, minmay_door_square,
          hallowed_hall, serial_bayou_shore_b, infiniplex_staircase_pool_lava,
          serial_bayou_shore_b
Depths:2: lemuel_troll_bridge, layout_gridlike, chequers_serial_rivers_small_3,
          infiniplex_enter_wizlab_water, hell_entry,
          infiniplex_staircase_zigzag_5, minmay_shoptagon, firewood_loft
Depths:3: impenetrable_vault, layout_cave_shapes, hell_entry,
          nicolae_two_hexagons, grunt_pan_entry_in_and_out, laboratory,
          minmay_staircase_statues, minmay_shop_star
Depths:4: minmay_the_grid_ultimate
          [minmay_the_grid_prize_four_corners_diamond_b,
          minmay_the_grid_prize_diamond_cup, minmay_the_grid_prize_inner_circle,
          minmay_the_grid_prize_trominoes,
          minmay_the_grid_square_5x5_spiral_small,
          minmay_the_grid_square_5x5_moneybag, minmay_the_grid_square_5x5_lines,
          minmay_the_grid_square_5x5_z, minmay_the_grid_square_5x5_mess,
          minmay_the_grid_square_5x5_plus,
          minmay_the_grid_square_5x5_half_checkered,
          minmay_the_grid_square_5x5_intrusive_squares,
          minmay_the_grid_square_5x5_dogpile,
          minmay_the_grid_square_5x5_longway,
          minmay_the_grid_square_5x5_tetrominoes,
          minmay_the_grid_square_5x5_corner,
          minmay_the_grid_square_5x5_checkered_statues,
          minmay_the_grid_square_5x5_forky,
          minmay_the_grid_square_5x5_pentomino_r,
          minmay_the_grid_triangle_9x9_semitri,
          minmay_the_grid_triangle_9x9_negative_grid,
          minmay_the_grid_triangle_9x9_corrupted_corridor,
          minmay_the_grid_triangle_9x9_intruding_spiral,
          minmay_the_grid_triangle_9x9_zippers_vertical,
          minmay_the_grid_triangle_9x9_zippers_horizontal,
          minmay_the_grid_triangle_9x9_thin_v,
          minmay_the_grid_triangle_9x9_longest,
          minmay_the_grid_triangle_9x9_skeleton,
          minmay_the_grid_triangle_9x9_descending_squares,
          minmay_the_grid_triangle_9x9_tough_junction,
          minmay_the_grid_triangle_9x9_steps,
          minmay_the_grid_triangle_9x9_warning,
          minmay_the_grid_triangle_9x9_windchime,
          minmay_the_grid_triangle_9x9_empty,
          minmay_the_grid_triangle_9x9_alien,
          minmay_the_grid_square_5x5_minibox, minmay_the_grid_octo_toaster,
          minmay_the_grid_octo_checkered, minmay_the_grid_octo_clover,
          minmay_the_grid_octo_odd_swirl, minmay_the_grid_octo_concentric,
          minmay_the_grid_octo_focus, minmay_the_grid_octo_fat_diamond,
          minmay_the_grid_octo_tetromino_candy, minmay_the_grid_diamond_grid,
          minmay_the_grid_minigrid_large, minmay_the_grid_doors,
          minmay_the_grid_spikes], abyss_entry, hell_entry, uniq_xtahua
Depths:5: grunt_zot_entry_tricorne, layout_cave_pools, enter_ziggurat_c,
          minmay_misc_feat_roman, pf_coc_iceberg, abyss_entry, serial_shops,
          shop_fountains, st_stairs_13
Hell
Dis:1:    layout_regular_city, nicolae_dis_strange_trophy_room
Dis:2:    layout_subdivisions, hangedman_player_shredder
Dis:3:    layout_subdivisions
Dis:4:    layout_gridville, hangedman_dis_decor_tower
Dis:5:    layout_overlapping_boxes
Dis:6:    layout_gridville, hangedman_dis_decor_blocks_talon, lemuel_elevator
Dis:7:    dis_st
Geh:1:    layout_gehenna_pools_box
Geh:2:    layout_gehenna_lava_caves
Geh:3:    layout_gehenna_pools_triple, hangedman_feature_mirror,
          not_door_vault_due
Geh:4:    layout_gehenna_pools_triple, lemuel_flamethrower_3
Geh:5:    layout_gehenna_pools_triple
Geh:6:    layout_gehenna_pools_triple, lemuel_elevator
Geh:7:    geh_hangedman
Coc:1:    layout_ice_bergs
Coc:2:    layout_ice_bergs
Coc:3:    layout_cocytus_water_paths
Coc:4:    layout_cocytus_water_paths
Coc:5:    layout_ice_bergs
Coc:6:    layout_cocytus_water_paths
Coc:7:    coc_grunt_cove [coc_grunt_cove_antaeus, coc_grunt_cove_fiend,
          coc_grunt_cove_fiend, coc_grunt_cove_fiend, coc_grunt_cove_fiend]
Tar:1:    layout_grid_maze
Tar:2:    layout_grid_maze
Tar:3:    layout_grid_maze, hangedman_mysterious_dungeon_monster_house
Tar:4:    layout_honeycomb
Tar:5:    layout_grid_maze
Tar:6:    layout_cathedral_of_symmetry, nicolae_tar_cuneiform_water
Tar:7:    tar_minmay_river
Zot:1:    evilmike_crystal_ball_defense, layout_basic, skrybe_zot_glass_1
Zot:2:    layout_basic, gammafunk_ghost_crypt
Zot:3:    lemuel_draconian_sentries, layout_gridlike
Zot:4:    layout_gridlike
Zot:5:    layout_basic, gammafunk_ghost_arena, st_stairs_8, nrook_zot_tub

Skill      XL: |  1  2  3  4  5  6  7  8  9 10 11 12 13 14 15 16 17 18 19 20 21 22 23 24 25 26 27 |
---------------+----------------------------------------------------------------------------------+-----
Earth Magic    | 4 5 6 7 9 11 13 14 15 16 17 18 19 20 21 22 23 24 25 27 | 27.0
Conjurations   | 1 2 3 4 6 7 10 12 13 14 15 16 17 18 19 20 21 22 23 27 | 27.0
Dodging        | 3 4 5 6 7 8 9 10 12 27 | 27.0
Short Blades   | 1 2 3 11 | 11.6
Spellcasting   | 4 6 8 10 11 13 14 15 16 17 19 21 22 27 | 27.0
Fighting       | 1 2 3 5 6 7 8 9 11 27 | 27.0
Armour         | 1 2 3 4 5 6 8 9 27 | 27.0
Staves         | 1 2 3 27 | 27.0
Evocations     | 2 6 8 9 11 12 27 | 27.0
Fire Magic     | 2 4 5 6 7 8 10 13 15 27 | 27.0
Shields        | 1 2 4 5 7 8 9 10 27 | 27.0
Necromancy     | 1 2 3 4 5 6 7 27 | 27.0
Stealth        | 3 4 5 27 | 27.0
Axes           | 15 | 15.4
Transmutations | 27 | 27.0
Air Magic      | 27 | 27.0
Invocations    | 1 |  1.5
Ice Magic      | 27 | 27.0
Translocations | 12 | 12.2
Hexes          | 14 | 14.6
Summonings     | 15 | 15.8
Poison Magic   | 12 | 12.1
Bows           | 14 | 14.5
Long Blades    | 14 | 14.2
Polearms       | 12 | 12.2
Slings         | 9 |  9.8
Crossbows      | 10 | 10.6
Throwing       | 11 | 11.6
Maces & Flails | 8 |  8.6

Action                   |  1- 3 |  4- 6 |  7- 9 | 10-12 | 13-15 | 16-18 | 19-21 | 22-24 | 25-27 || total
-------------------------+-------+-------+-------+-------+-------+-------+-------+-------+-------++-------
Melee: Whip              |     3 |       |       |       |       |       |       |       |       ||     3
       Dagger            |    28 |    68 |    33 |       |       |       |       |       |       ||   129
       Staff             |       |       |    38 |    43 |   190 |    65 |    40 |    83 |   829 ||  1288
       Short sword       |       |       |    23 |     1 |       |       |       |       |     2 ||    26
       War axe           |       |       |       |       |       |       |       |       |     2 ||     2
 Cast: Sandblast         |    41 |    28 |    10 |     3 |     8 |       |       |       |       ||    90
       Stone Arrow       |     4 |    37 |   112 |   253 |   220 |       |       |       |       ||   626
       Lee's Rapid Decon |       |       |    13 |    60 |   199 |   129 |   168 |    71 |    27 ||   667
       Bolt of Magma     |       |       |       |    15 |   186 |    36 |     6 |    18 |       ||   261
       Sublimation of Bl |       |       |       |       |    17 |    26 |    11 |     4 |   122 ||   180
       Orb of Destructio |       |       |       |       |     4 |    63 |    12 |    10 |    27 ||   116
       Fireball          |       |       |       |       |       |   211 |    34 |    30 |     9 ||   284
       Iron Shot         |       |       |       |       |       |   145 |   222 |   245 |   691 ||  1303
       Borgnjor's Vile C |       |       |       |       |       |    54 |    23 |    21 |    11 ||   109
       Shatter           |       |       |       |       |       |     2 |    54 |    60 |  1219 ||  1335
       Lehudib's Crystal |       |       |       |       |       |       |       |    22 |    74 ||    96
       Fire Storm        |       |       |       |       |       |       |       |       |   959 ||   959
       Absolute Zero     |       |       |       |       |       |       |       |       |    92 ||    92
       Ignition          |       |       |       |       |       |       |       |       |    39 ||    39
       Tornado           |       |       |       |       |       |       |       |       |    19 ||    19
       Necromutation     |       |       |       |       |       |       |       |       |    15 ||    15
 Abil: Blink             |       |       |       |       |       |       |       |       |     4 ||     4
Evoke: Wand              |       |       |     1 |     1 |    14 |    27 |     6 |    12 |    14 ||    75
       Box of beasts     |       |       |       |       |     3 |     1 |       |       |     3 ||     7
       Figurine of a zig |       |       |       |       |       |       |       |       |     3 ||     3
       Condenser vane    |       |       |       |       |       |       |       |       |     2 ||     2
  Use: Scroll            |       |     8 |     7 |     6 |    21 |    11 |    11 |    22 |   200 ||   286
       Potion            |       |       |       |       |       |     3 |     1 |     7 |   133 ||   144
 Stab: Sleeping          |     1 |     4 |     3 |       |       |       |     1 |     1 |     6 ||    16
       Paralysed         |       |       |       |       |    15 |     5 |       |     6 |       ||    26
       Distracted        |       |       |       |       |       |       |     1 |       |     4 ||     5
Armor: Robe              |     3 |     8 |       |       |       |       |       |       |       ||    11
       Leather armour    |       |     7 |    15 |       |    21 |    18 |       |       |       ||    61
       Steam dragon scal |       |       |    20 |    28 |    55 |       |       |       |       ||   103
       Scale mail        |       |       |       |       |       |    60 |    14 |       |       ||    74
       Ring mail         |       |       |       |       |       |       |    16 |   129 |       ||   145
       Pearl dragon scal |       |       |       |       |       |       |       |     3 |   112 ||   115
       Fire dragon scale |       |       |       |       |       |       |       |       |   204 ||   204
       Gold dragon scale |       |       |       |       |       |       |       |       |   269 ||   269
Dodge: Dodged            |    26 |    44 |    88 |    75 |   242 |   125 |    52 |   152 |   357 ||  1161
Block: Buckler           |       |       |       |       |    81 |   105 |    69 |       |       ||   255
       Reflection        |       |       |       |       |       |    37 |    25 |    13 |    13 ||    88
       Kite shield       |       |       |       |       |       |       |       |   116 |   226 ||   342
       Tower shield      |       |       |       |       |       |       |       |       |  1137 ||  1137

Table legend: (Time is in decaauts)
 A = Elapsed time spent in this place.
 B = Non-inter-level travel time spent in this place.
 C = Inter-level travel time spent in this place.
 D = Time resting spent in this place.
 E = Time spent auto-exploring this place.
 F = Levels seen in this place.
 G = Mean time per level.
                   A        B        C        D        E       F      G
               +--------+--------+--------+--------+--------+-----+--------+
         Total | 122430 | 115685 |   6745 |  37668 |  44463 | 226 |  541.7 |
       Dungeon |  25368 |  22934 |   2434 |   6995 |  12057 |  15 | 1691.2 |
        Temple |    269 |    251 |     18 |      0 |    239 |   1 |  269.0 |
          Lair |  10524 |   9916 |    608 |   1793 |   6844 |   6 | 1754.0 |
        Shoals |   7755 |   7442 |    313 |   3626 |   2565 |   4 | 1938.8 |
     Snake Pit |   6925 |   6588 |    337 |   2754 |   2635 |   4 | 1731.2 |
    Slime Pits |   1553 |   1553 |      0 |    864 |     24 |   5 |  310.6 |
  Orcish Mines |   3341 |   3155 |    186 |   1435 |    992 |   2 | 1670.5 |
   Elven Halls |   5058 |   4951 |    107 |   1332 |   2755 |   3 | 1686.0 |
        Vaults |  11414 |  10452 |    962 |   3108 |   5473 |   5 | 2282.8 |
         Crypt |   4435 |   3997 |    438 |   1313 |   1927 |   3 | 1478.3 |
          Tomb |   2598 |   2482 |    116 |    383 |   1361 |   3 |  866.0 |
        Depths |  12055 |  11032 |   1023 |   3714 |   5136 |   5 | 2411.0 |
          Hell |    671 |    524 |    147 |      0 |    373 |   1 |  671.0 |
           Dis |   1979 |   1979 |      0 |    646 |    362 |   7 |  282.7 |
       Gehenna |   1511 |   1511 |      0 |    497 |     81 |   7 |  215.9 |
       Cocytus |   1289 |   1255 |     34 |    459 |      0 |   7 |  184.1 |
      Tartarus |   1227 |   1227 |      0 |    263 |     99 |   7 |  175.3 |
           Zot |   3223 |   3208 |     15 |   1672 |    258 |   5 |  644.6 |
         Abyss |   1579 |   1579 |      0 |    207 |      7 |   3 |  526.3 |
   Pandemonium |   6125 |   6125 |      0 |   2571 |    567 |  20 |  306.2 |
      Ziggurat |  11746 |  11746 |      0 |   3520 |      0 | 108 |  108.8 |
        Bazaar |    276 |    276 |      0 |      0 |    126 |   2 |  138.0 |
         Trove |     47 |     47 |      0 |      0 |      0 |   1 |   47.0 |
         Sewer |    772 |    772 |      0 |    188 |    487 |   1 |  772.0 |
        Wizlab |    680 |    680 |      0 |    321 |     87 |   1 |  680.0 |
               +--------+--------+--------+--------+--------+-----+--------+

Top non-repeatable levels by time:
Depths:4: 3150 daAuts
Vaults:1: 2824 daAuts
    D:12: 2765 daAuts
Depths:3: 2759 daAuts
 Snake:4: 2718 daAuts
  Lair:6: 2568 daAuts
    D:11: 2501 daAuts
Vaults:4: 2439 daAuts
Vaults:2: 2415 daAuts
    D:13: 2393 daAuts
Shoals:4: 2390 daAuts
   Elf:2: 2352 daAuts
Vaults:3: 2274 daAuts
Depths:2: 2242 daAuts
    D:15: 2242 daAuts
